 Dungeon Crawl Stone Soup version 0.26.1-11-gd32895ea62 (webtiles) character file.

Game seed: 13958725576890040824

11706973 Gerhazo the Axe Maniac (level 27, 273/273 HPs)
             Began as a Hill Orc Fighter on June 8, 2021.
             Was an Initiate of Gozag.
             Escaped with the Orb
             ... and 15 runes on June 9, 2021!
             The game lasted 08:26:49 (141108 turns).

Gerhazo the Axe Maniac (Hill Orc Fighter)         Turns: 141108, Time: 08:26:50

Health: 273/273    AC: 44    Str: 42    XL:     27
Magic:  40/40      EV: 25    Int: 14    God:    Gozag
Gold:   1692       SH: 31    Dex: 10    Spells: 36/50 levels left

rFire    + + +     SeeInvis +   W - +9 broad axe (holy)
rCold    + + +     Faith    .   M - +2 shield of Resistance {rF++ rC++ Will++}
rNeg     + + +     Spirit   .   u - +14 chain mail "Nem Puyc" {Regen+}
rPois    +         Reflect  +   p - +2 helmet {Int+3}
rElec    .         Harm     .   V - scarf {repulsion}
rCorr    .         Rampage  .   n - +0 pair of gloves of Dust Devil {rN+ Str+4 Int+3}
Will     +++++     Rnd*Rage +   l - +2 pair of boots {Stlth+}
Stlth    ..........             N - amulet "Qeurawurgh" {Reflect rPois rF+ Slay+3 SH+5 SInv}
HPRegen  0.95/turn              T - ring of Tolytz {rPois rN+ Will+ Str+6 Stlth+}
MPRegen  0.27/turn              K - ring "Vule Kal" {rF+ rC++ rN+ Will+}

@: repel missiles
A: fangs 1, repulsion field 1, large bone plates 1, yellow scales 1, berserk 1,
blurry vision 2, cold resistance 1, deterioration 1, evolution 1, subdued magic
1, MP-powered wands
0: Orb of Zot
}: 15/15 runes: serpentine, barnacled, slimy, silver, golden, iron, obsidian,
icy, bone, abyssal, demonic, glowing, magical, fiery, dark
a: Renounce Religion, Potion Petition, Call Merchant, Bribe Branch


You escaped.
You worshipped Gozag.
Gozag was most pleased with you.
You visited 18 branches of the dungeon, and saw 89 of its levels.
You visited Pandemonium 1 time, and saw 20 of its levels.
You visited the Abyss 7 times.
You visited 1 bazaar.
You visited 1 ziggurat, and saw 12 of its levels.
You also visited: Gauntlet, Ice Cave, Volcano, Wizlab and Desolation.

You collected 20383 gold pieces.
You spent 1410 gold pieces at shops.
You paid 17281 gold pieces to Gozag.

Inventory:

Hand Weapons
 y - the +6 sword of Cerebov {flame}
   (You took it off Cerebov in Pandemonium)

   It has been specially enchanted to burn those struck by it, causing extra
   injury to most foes and up to half again as much damage against particularly
   susceptible opponents.
   Big, fiery blades are also staple armaments of hydra-hunters.
 L - the +4 staff of Dispater
   (You took it off Dispater on level 7 of the Iron City of Dis)
 W - a +9 broad axe of holy wrath (weapon)
Missiles
 Z - 40 curare-tipped darts (quivered)
Armour
 l - a +2 pair of boots of stealth (worn)
 n - the +0 pair of gloves of Dust Devil (worn) {rN+ Str+4 Int+3}
   (You found it on level 1 of the Realm of Zot)

   It affects your strength (+4).
   It affects your intelligence (+3).
   It protects you from negative energy.
 p - a +2 helmet of intelligence (worn)
 u - the +14 chain mail "Nem Puyc" (worn) {Regen+}
   (You found it on level 3 of the Elven Halls)

   It increases your rate of regeneration.
 M - the +2 shield of Resistance (worn) {rF++ rC++ Will++}
   (You found it on level 8 of the Dungeon)

   It greatly protects you from fire.
   It greatly protects you from cold.
   It affects your willpower, your defense against some magical effects.
 V - a scarf of repulsion (worn)
Jewellery
 e - an uncursed ring of flight
 D - the ring "Wantaheuc" {Str+6 Dex+6}
   (You found it on level 5 of the Vaults)

   [ring of strength]

   It affects your strength (+6).
   It affects your dexterity (+6).
 K - the ring "Vule Kal" (right hand) {rF+ rC++ rN+ Will+}
   (You acquired it on level 1 of the Crypt)

   [ring of willpower]

   It protects you from fire.
   It greatly protects you from cold.
   It protects you from negative energy.
   It affects your willpower, your defense against some magical effects.
 N - the amulet "Qeurawurgh" (around neck) {Reflect rPois rF+ Slay+3 SH+5 SInv}
   (You took it off a purple draconian on level 1 of the Realm of Zot)

   [amulet of reflection]

   It shields you and reflects attacks.
   It affects your accuracy and damage with ranged weapons and melee attacks
   (+3).
   It protects you from fire.
   It protects you from poison.
   It lets you see invisible.
   It affects your SH (+5).
 R - the ring "Dyneki" {+Inv rElec rF+ Stlth+}
   (You found it on level 7 of the Iron City of Dis)

   [ring of stealth]

   It protects you from fire.
   It insulates you from electricity.
   It lets you turn invisible.
   It makes you more stealthy.
 T - the ring of Tolytz (left hand) {rPois rN+ Will+ Str+6 Stlth+}
   (You found it on level 5 of the Pits of Slime)

   [ring of strength]

   It affects your strength (+6).
   It protects you from poison.
   It protects you from negative energy.
   It affects your willpower, your defense against some magical effects.
   It makes you more stealthy.
 Y - the ring "Kucvui" {rElec MP+9 Int-4 SInv Stlth+}
   (You took it off a draconian monk on level 1 of the Realm of Zot)

   [ring of magical power]

   It affects your intelligence (-4).
   It insulates you from electricity.
   It affects your magic capacity (+9).
   It lets you see invisible.
   It makes you more stealthy.
Wands
 f - a wand of polymorph (31)
 C - a wand of digging (16)
 P - a wand of disintegration (59)
Scrolls
 a - a scroll of amnesia
 b - 10 scrolls of blinking
 h - 12 scrolls of fog
 j - 49 scrolls of teleportation
 r - 11 scrolls of enchant weapon
 w - 2 scrolls of holy word
 F - 14 scrolls of fear
 G - 31 scrolls of remove curse
 H - 5 scrolls of silence
 J - 23 scrolls of identify
 O - 3 scrolls of immolation
 S - a scroll of enchant armour
 U - 13 scrolls of magic mapping
Potions
 c - 11 potions of flight
 d - 7 potions of might
 g - 7 potions of berserk rage
 m - 7 potions of ambrosia
 o - a potion of haste
 s - 17 potions of attraction
 x - 8 potions of resistance
 B - 31 potions of curing
 E - 17 potions of lignification
 I - 2 potions of cancellation
Miscellaneous
 i - a phantom mirror
 k - a figurine of a ziggurat
 q - a tin of tremorstones (2/2)
 t - a lightning rod (4/4)
 v - a box of beasts
 X - a phial of floods


   Skills:
 O Level 27 Fighting
 O Level 27 Axes
 O Level 27 Armour
 O Level 27 Dodging
 O Level 27 Shields
 - Level 12.0 Spellcasting
 - Level 17.6 Conjurations
 * Level 15.5 Hexes
 - Level 9.0 Translocations
 - Level 4.5 Transmutations
 - Level 14.0 Fire Magic
 * Level 15.1 Air Magic
 - Level 6.1 Earth Magic
 O Level 27 Invocations
 + Level 25.1 Evocations


You had 36 spell levels left.
You knew the following spells:

 Your Spells              Type           Power        Failure   Level
a - Apportation           Tloc           50%          1%          1
f - Passage of Golubria   Tloc           N/A          2%          4
g - Swiftness             Air            39%          1%          2
i - Blink                 Tloc           N/A          1%          2
s - Silence               Hex/Air        19%          1%          5

Your spell library contained the following spells:

 Spells                   Type           Power        Failure   Level
 Corona                   Hex            43%          0%          1
 Foxfire                  Conj/Fire      100%         0%          1
 Magic Dart               Conj           100%         0%          1
 Shock                    Conj/Air       100%         0%          1
 Searing Ray              Conj           88%          0%          2
 Beastly Appendage        Tmut           32%          1%          1
 Sandblast                Erth           38%          1%          1
 Corpse Rot               Necr/Air       N/A          1%          2
 Ensorcelled Hibernation  Hex/Ice        46%          1%          2
 Passwall                 Tmut/Erth      14%          1%          2
 Poisonous Vapours        Pois/Air       44%          1%          2
 Slow                     Hex            39%          1%          2
 Confusing Touch          Hex            39%          1%          3
 Conjure Flame            Conj/Fire      40%          1%          3
 Dazzling Flash           Conj/Hex       84%          1%          3
 Gell's Gravitas          Tloc           12%          1%          3
 Inner Flame              Hex/Fire       38%          1%          3
 Lesser Beckoning         Tloc           12%          1%          3
 Mephitic Cloud           Conj/Pois/Air  29%          1%          3
 Portal Projectile        Hex/Tloc       64%          1%          3
 Static Discharge         Conj/Air       41%          1%          3
 Stone Arrow              Conj/Erth      64%          1%          3
 Summon Guardian Golem    Hex/Summ       23%          1%          3
 Teleport Other           Tloc           25%          1%          3
 Tukima's Dance           Hex            39%          1%          3
 Airstrike                Air            19%          1%          4
 Cause Fear               Hex            19%          1%          4
 Fulminant Prism          Conj/Hex       21%          1%          4
 Iskenderun's Mystic Bla  Conj/Tloc      35%          1%          4
 Leda's Liquefaction      Hex/Erth       14%          1%          4
 Sticky Flame             Conj/Fire      40%          1%          4
 Bolt of Magma            Conj/Fire/Erth 16%          1%          5
 Fireball                 Conj/Fire      20%          1%          5
 Iskenderun's Battlesphe  Conj           44%          1%          5
 Lightning Bolt           Conj/Air       20%          1%          5
 Conjure Ball Lightning   Conj/Air       20%          1%          6
 Wereblood                Tmut           16%          2%          2
 Ignite Poison            Fire/Tmut/Pois 19%          2%          3
 Hailstorm                Conj/Ice       25%          2%          4
 Invisibility             Hex            39%          2%          6
 Starburst                Conj/Fire      20%          2%          6
 Irradiate                Conj/Tmut      15%          3%          5
 Sting                    Tmut/Pois      44%          4%          1
 Summon Lightning Spire   Summ/Air       22%          4%          4
 Yara's Violent Unravell  Hex/Tmut       14%          4%          5
 Orb of Destruction       Conj           22%          7%          7
 Animate Skeleton         Necr           12%          12%         1
 Freeze                   Ice            24%          12%         1
 Pain                     Necr           24%          12%         1
 Summon Small Mammal      Summ           24%          12%         1
 Petrify                  Tmut/Erth      17%          13%         4
 Metabolic Englaciation   Hex/Ice        11%          13%         5
 Summon Mana Viper        Hex/Summ       23%          13%         5
 Spider Form              Tmut/Pois      5%           14%         3
 Iron Shot                Conj/Erth      16%          14%         6
 Call Imp                 Summ           6%           19%         2
 Sublimation of Blood     Necr           3%           19%         2
 Freezing Cloud           Conj/Ice/Air   14%          21%         6
 Lee's Rapid Deconstruct  Erth           9%           28%         5
 Call Canine Familiar     Summ           6%           34%         3
 Frozen Ramparts          Ice            12%          34%         3
 Ozocubu's Armour         Ice            6%           34%         3
 Vampiric Draining        Necr           3%           34%         3
 Dispersal                Tloc           12%          43%         6
 Ice Form                 Ice/Tmut       11%          45%         4
 Blade Hands              Tmut           8%           47%         5
 Summon Forest            Summ/Tloc      8%           47%         5
 Borgnjor's Vile Clutch   Necr/Erth      6%           71%         5
 Chain Lightning          Conj/Air       20%          71%         8
 Animate Dead             Necr           3%           77%         4
 Dispel Undead            Necr           6%           77%         4
 Olgreb's Toxic Radiance  Pois           6%           77%         4
 Summon Ice Beast         Ice/Summ       6%           77%         4
 Alistair's Intoxication  Tmut/Pois      7%           80%         5
 Discord                  Hex            19%          82%         8
 Statue Form              Tmut/Erth      11%          92%         6
 Ignition                 Fire           18%          95%         8
 Spellforged Servitor     Conj/Summ      12%          96%         7
 Hydra Form               Tmut           8%           97%         6
 Agony                    Necr           6%           98%         5
 Excruciating Wounds      Necr           3%           98%         5
 Summon Demon             Summ           3%           98%         5
 Death Channel            Necr           3%           100%        6
 Eringya's Noxious Bog    Tmut/Pois      5%           100%        6
 Ozocubu's Refrigeration  Ice            3%           100%        6
 Simulacrum               Ice/Necr       3%           100%        6
 Dragon Form              Tmut           8%           100%        7
 Haunt                    Necr/Summ      3%           100%        7
 Malign Gateway           Summ/Tloc      8%           100%        7
 Summon Hydra             Summ           3%           100%        7
 Borgnjor's Revivificati  Necr           3%           100%        8
 Disjunction              Tloc           12%          100%        8
 Infestation              Necr           3%           100%        8
 Lehudib's Crystal Spear  Conj/Erth      16%          100%        8
 Necromutation            Tmut/Necr      5%           100%        8
 Absolute Zero            Ice            3%           100%        9
 Death's Door             Necr           3%           100%        9
 Fire Storm               Conj/Fire      20%          100%        9
 Shatter                  Erth           9%           100%        9
 Tornado                  Air            19%          100%        9


Dungeon Overview and Level Annotations

Branches:
Dungeon (15/15)            Temple (1/1) D:4            Lair (6/6) D:11
 Shoals (4/4) Lair:2        Snake (4/4) Lair:2        Slime (5/5) Lair:6
    Orc (2/2) D:9             Elf (3/3) Orc:2        Vaults (5/5) D:14
  Crypt (3/3) Vaults:2       Tomb (3/3) Crypt:3      Depths (5/5) D:15
   Hell (visited)             Dis (7/7) Hell            Geh (7/7) Hell
    Coc (7/7) Hell            Tar (7/7) Hell            Zot (5/5) Depths:5
  IceCv (visited)         Volcano (visited)          WizLab (visited)
Desolation (visited)      Gauntlet (visited)

Altars:
Ashenzari
Cheibriados
Dithmenos
Elyvilon
Fedhas
Gozag
Hepliaklqana
Kikubaaqudgha
Makhleb
Nemelex Xobeh
Okawaru
Qazlal
Ru
Sif Muna
Trog
Uskayaw
Vehumet
Wu Jian
Xom
Yredelemnul
Zin
The Shining One
Beogh
Jiyva
Lugonu

Shops:
D:4 *   D:7 *   D:10 !   D:11 [(!?[   D:13 *[!*   D:14 ?(   D:15 !   Orc:2 (*=[
Elf:2 }(   Snake:2 =   Depths:3 =}=

Portals:
Hell: Lair:6 Depths:1 Depths:2 Depths:3 Depths:4 Depths:5
Abyss: Depths:1 Depths:2 Depths:4 Depths:5
Pandemonium: Depths:3


Innate Abilities, Weirdness & Mutations

You have very sharp teeth.
You are surrounded by a mild repulsion field. (EV +2)
You are partially covered in large bone plates. (SH +4)
You are partially covered in yellow scales. (AC +2)
You tend to lose your temper in combat.
Scrolls take you longer to read.
Your flesh is cold resistant. (rC+)
Your body sometimes deteriorates upon taking damage.
You evolve.
Your spells are a little easier to cast, but a little less powerful.
You expend magic power (3 MP) to strengthen your wands.


Message History

There is a stone staircase leading up here.
You climb upwards.
There is a stone staircase leading down here.
You see here a glowing rapier.
There is a stone staircase leading up here.
You climb upwards.
There is a stone staircase leading down here.
There is a stone staircase leading up here.
There is a stone staircase leading up here.
You climb upwards.
There is a stone staircase leading down here.
You open the door.
There is an open door here.
There is a staircase leading out of the dungeon here.
There is a staircase leading out of the dungeon here.
Unknown command.
A gelid demonspawn comes into view. It is wielding a +0 demon blade.
The gelid demonspawn shouts!
There is a staircase leading out of the dungeon here.
You have escaped!

....##.####.###..........#
.#......###.#...####.#####
.#....#.....#.#### #..#
....)............# ##.#
...#######..####'####.#
.#.### #..#.......#.#
##...### #..#.8.8.8.#.#
####...###..#.......#.#
###..##..'.8.@.8.'.#
##.##..#.......### ##
#.....#.8.8.8.# .#
#####..#.......# .#
##......####6####
.####..####......#
......## ######## ..#####
#..##


You could see a gelid demonspawn (icemail).

Vanquished Creatures
  Cerebov (Pan)
  Antaeus (Coc:7)
  the Royal Jelly (Slime:5)
  Dissolution (Slime:4)
  Lom Lobon (Pan)
  Dispater (Dis:7)
  Mara (Vaults:4)
  7 orbs of fire
  9 ancient liches
  2 juggernauts
  13 royal mummies
  Sojobo (Crypt:3)
  Bai Suzhen (Vaults:2)
  10 Killer Klowns
  Vashnia (Snake:2)
  10 shard shrikes
  Saint Roka (Elf:3)
  A caustic shrike (Depths:3)
  Frederick (Crypt:3)
  Geryon (Hell)
  5 curse toes
  Xtahua (Depths:5)
  12 golden dragons
  11 pandemonium lords
  3 profane servitors
  Nikola (Vaults:1)
  15 bone dragons
  15 Tzitzimimeh
  5 iron giants
  19 Brimstone Fiends
  4 doom hounds
  3 electric golems
  2 hellephants
  Jorgrun (D:12)
  Rupert (D:12)
  23 tentacled monstrosities
  27 Orb Guardians
  7 Hell Sentinels
  24 Ice Fiends
  A quicksilver dragon (shapeshifter) (Depths:3)
  3 quicksilver dragons
  8 deep elf blademasters
  20 titans
  16 liches
  13 deep elf master archers
  20 ancient champions
  29 acid blobs
  11 death cobs
  Frances (D:12)
  Gastronok (Lair:2)
  25 Executioners
  15 tentacled starspawn
  9 tengu reavers
  7 sphinxes
  23 storm dragons
  Roxanne (Shoals:1)
  6 revenants
  21 shadow dragons
  9 warmongers (Pan)
  4 daevas
  Kirke (Shoals:1)
  8 nagarajas
  20 azure jellies
  7 draconian monks
  6 blood saints
  12 fire giants
  31 frost giants
  4 draconian scorchers
  8 corrupters (Pan)
  Louise (Depths:4)
  22 cacodemons
  5 ghost moths
  4 imperial myrmidons (Desolation)
  7 iron dragons
  8 deep elf sorcerers
  5 curse skulls
  An emperor scorpion (Zig:8)
  5 draconian shifters
  22 vault wardens
  5 deep elf elementalists
  5 ghouls
  37 balrugs
  An orc warlord (Orc:2)
  2 draconian stormcallers (Zot:5)
  The ghost of destino the Slinger, a journeyman HaHu of Okawaru (D:12)
  12 ironheart preservers
  30 very ugly things
  41 stone giants
  76 reapers
  6 draconian annihilators
  2 elemental wellsprings
  22 war gargoyles
  An ophan (Abyss:3)
  3 spriggan defenders
  14 black draconians
  8 green draconians
  13 black suns
  23 vampire knights
  9 bennus
  12 yellow draconians
  A halazid warlock (Desolation)
  8 deep elf annihilators
  8 red draconians
  9 deep elf demonologists
  21 purple draconians
  4 entropy weavers
  18 lorocyprocas
  A minotaur (Gauntlet)
  16 ettins
  43 blizzard demons
  6 spark wasps
  8 white draconians
  6 eidola
  9 statues (WizLab)
  12 deep elf death magi
  10 jiangshi
  3 crystal guardians (Desolation)
  5 death oozes (Slime:5)
  7 merfolk impalers
  10 merfolk javelineers
  29 green deaths
  11 mummy priests
  12 fire dragons
  8 yaktaur captains
  11 quicksilver dragon zombies
  The ghost of Hank the Protected, a journeyman MiFi of Okawaru (D:12)
  5 deep elf high priests
  8 monstrous demonspawn (Pan)
  13 ragged hierophants (Desolation)
  Harold (Lair:2)
  14 ogre magi
  8 servants of whispers
  30 vault guards
  8 hydras
  16 centaur warriors
  5 naga warriors
  9 peacekeepers (Desolation)
  12 great orbs of eyes
  3 merfolk avatars
  25 ice dragons
  2 quicksilver dragon skeletons
  17 anacondas
  9 boulder beetles
  2 catoblepae
  11 rakshasas
  A juggernaut simulacrum (Pan)
  An anaconda (shapeshifter) (Elf:1)
  2 spriggan air magi
  12 death knights
  5 hell beasts
  29 dancing weapons
  13 death yaks
  9 merfolk aquamancers
  A two-headed ogre (shapeshifter) (Zig:10)
  4 satyrs
  A tengu warrior (Depths:1)
  16 hell hogs
  13 deep troll shamans
  53 death scarabs
  17 vampire magi
  30 two-headed ogres
  11 deep troll earth magi
  11 naga sharpshooters
  6 orc high priests
  4 titan zombies
  23 iron golems
  A shock serpent (shapeshifter) (Vaults:5)
  6 spriggan berserkers
  Sonja (D:12)
  6 shock serpents
  23 thrashing horrors
  73 sun demons
  33 deep elf knights
  5 titan skeletons
  A fire crab (shapeshifter) (Vaults:2)
  18 wretched stars
  A fire crab (Zig:6)
  47 soul eaters
  182 skeletal warriors
  6 storm dragon zombies
  31 sixfirhies
  14 shadow wraiths
  25 sea snakes
  17 iron trolls
  A salamander mystic (Snake:2)
  31 hell knights
  2 storm dragon skeletons
  9 unseen horrors
  4 spatial maelstroms (Abyss:1)
  2 golden dragon zombies
  6 naga ritualists
  9 gelid demonspawn
  31 shadow demons
  2 cherubim (Abyss:3)
  14 flayed ghosts
  97 large abominations
  A deep troll (shapeshifter) (Depths:1)
  3 death drakes
  A ghost moth zombie (Coc:7)
  10 glowing orange brains
  7 shadow dragon zombies
  29 deep trolls
  10 infernal demonspawn (Pan)
  2 spriggan druids (Depths:2)
  A bunyip skeleton (Crypt:3)
  9 anaconda zombies
  8 torturous demonspawn (Pan)
  A lindwurm (Lair:4)
  7 bog bodies
  22 necromancers
  3 golden dragon skeletons
  20 ironbrand convokers
  16 wizards
  9 anaconda skeletons
  14 orc knights
  29 phantasmal warriors
  15 orc sorcerers
  23 deep elf archers
  28 harpies
  5 wolf spiders
  14 mana vipers
  19 fauns
  7 wolf spider zombies
  91 deep elf magi
  7 iron dragon zombies
  2 sphinx skeletons
  A salamander (shapeshifter) (Vaults:5)
  3 will-o-the-wisps
  8 salamanders
  8 fire giant zombies
  7 frost giant zombies
  6 stone giant zombies
  11 worldbinders
  An oklob plant (Lair:1)
  15 manticores
  9 shining eyes
  30 ugly things
  31 moths of wrath
  8 cyclopes
  12 guardian serpents
  6 frost giant skeletons
  4 stone giant skeletons
  5 merfolk sirens
  5 shadow dragon skeletons
  18 vault sentinels
  2 iron dragon skeletons
  4 dire elephant zombies
  19 naga magi
  58 smoke demons
  3 fire giant skeletons
  A black mamba (shapeshifter) (Abyss:3)
  10 elephants
  4 shock serpent zombies
  A water nymph (shapeshifter) (Depths:5)
  41 black mambas
  3 torpor snails
  5 water nymphs
  4 eyes of devastation
  45 rust devils
  41 orange demons
  2 storm dragon simulacra
  A cane toad (shapeshifter) (Abyss:3)
  2 apocalypse crabs
  Maggie (D:6)
  3 gargoyles
  5 molten gargoyles
  7 ice statues
  19 cane toads
  4 dire elephant skeletons
  A komodo dragon (shapeshifter) (Depths:3)
  4 kobold demonologists
  26 demonic crawlers
  2 emperor scorpion zombies
  54 yaktaurs
  6 rime drakes
  55 tormentors
  A shock serpent skeleton (Geh:3)
  44 ice devils
  30 freezing wraiths
  35 hellions
  37 hellwings
  12 efreet
  18 komodo dragons
  A pale draconian zombie (Crypt:3)
  25 guardian mummies
  12 ancient zymes
  2 golden dragon simulacra
  A minotaur skeleton (Crypt:1)
  A queen bee (D:13)
  A grey draconian skeleton (Crypt:1)
  2 green draconian skeletons
  A harpy zombie (Tar:7)
  2 catoblepas skeletons
  2 jumping spiders
  8 trolls
  39 red devils
  A pale draconian skeleton (Crypt:1)
  A meliai (shapeshifter) (Depths:3)
  5 silent spectres
  3 meliai (D:13)
  2 jumping spiders (shapeshifter)
  A wolf spider simulacrum (Hell)
  A hornet (shapeshifter) (D:15)
  4 tengu conjurers
  15 polar bears
  10 hornets
  A troll (shapeshifter) (Depths:3)
  29 merfolk
  12 hydra zombies
  3 wind drakes
  13 blink frogs
  8 ice dragon zombies
  3 hydra skeletons
  Grinder (D:6)
  38 raiju
  10 snapping turtles
  67 saltlings
  A frost giant simulacrum (Coc:5)
  5 harpy skeletons
  122 slime creatures
  A dream sheep (shapeshifter) (Vaults:3)
  9 ettin zombies
  A stone giant simulacrum (Hell)
  7 alligator zombies
  9 dream sheep
  A jumping spider zombie (Crypt:2)
  A fire dragon zombie (Tar:5)
  4 ice dragon skeletons
  An iron dragon simulacrum (Abyss:3)
  A fire giant simulacrum (Hell)
  2 human simulacra
  53 ynoxinuls
  4 air elementals
  3 fire dragon skeletons
  10 ettin skeletons
  17 water elementals
  27 shadows
  35 small abominations
  4 wyverns
  4 redbacks
  4 tarantellas
  127 flying skulls
  23 spriggans
  43 wraiths
  7 hogs (Shoals:1)
  2 vampires
  7 ushabtiu
  10 fire elementals
  3 alligator skeletons
  77 yaks
  6 fire bats
  A human (D:14)
  34 chaos spawn
  4 black mamba skeletons
  A hog (shapeshifter) (Depths:2)
  2 basilisks (shapeshifter)
  A steam dragon (Lair:3)
  20 golden eyes
  3 basilisks
  33 neqoxecs
  A yak (shapeshifter) (Abyss:3)
  A swamp worm (shapeshifter) (Vaults:5)
  2 spatial vortices (Abyss:1)
  7 vampire mosquitoes (D:13)
  A merfolk zombie (Coc:4)
  44 nagas
  11 wargs
  2 soldier ants
  A hydra simulacrum (Hell)
  3 floating eyes
  70 hell hounds
  25 water moccasins
  8 cane toad zombies
  A torturous demonspawn skeleton (Crypt:3)
  55 orc warriors
  7 black bears
  A cane toad skeleton (Tar:7)
  4 snapping turtle zombies
  13 eyes of draining
  3 ice beasts
  2 swamp dragon zombies
  39 necrophages
  An ice beast (shapeshifter) (Vaults:5)
  An ogre (shapeshifter) (Depths:1)
  2 orc zombies
  7 phantoms
  2 sky beasts
  30 ogres
  3 elf zombies
  3 boggarts (Vaults:2)
  2 swamp dragon skeletons
  A tengu (Abyss:3)
  21 centaurs
  18 wolves
  2 manticore skeletons (Geh:6)
  4 snapping turtle skeletons
  2 big kobolds
  26 bullfrogs
  A gnoll sergeant (D:8)
  4 earth elementals
  A wyvern zombie (D:14)
  A salamander skeleton (Crypt:1)
  A komodo dragon skeleton (Crypt:2)
  A merfolk simulacrum (Abyss:3)
  A wyvern skeleton (D:14)
  A warg zombie (Crypt:2)
  A hornet simulacrum (D:15)
  5 scorpions
  A troll zombie (Dis:7)
  37 killer bees
  A snapping turtle simulacrum (Abyss:1)
  A spriggan zombie (Abyss:3)
  A spriggan skeleton (Crypt:1)
  3 howler monkeys
  83 wights
  7 electric eels
  A yaktaur simulacrum (Vaults:1)
  3 lava snakes (Volcano)
  2 bullfrog zombies
  14 crimson imps
  6 quasits
  3 jellies
  7 centaur zombies
  113 starcursed masses
  3 hounds
  8 centaur skeletons
  15 orc priests
  43 iron imps
  Crazy Yiuf (D:5)
  A human skeleton (Tomb:1)
  10 iguanas
  4 worker ants
  21 orc wizards
  A black bear skeleton (Crypt:2)
  2 lightning spires (Gauntlet)
  A sky beast zombie (Crypt:2)
  A tengu zombie (Coc:7)
  A felid skeleton (Crypt:3)
  A hound skeleton (D:10)
  44 mummies
  24 adders
  4 gnolls
  A steam dragon zombie (Crypt:3)
  21 shadow imps
  21 white imps
  10 ufetubi
  2 oozes
  2 adder zombies
  2 adder skeletons
  7 worms
  2 dart slugs (D:1)
  3 leopard geckos
  92 orcs
  3 ball pythons
  7 giant cockroaches
  7 goblins
  3 hobgoblins
  14 jackals
  13 kobolds
  4 quokkas
  8 bats
  9 frilled lizards
  A goblin zombie (Crypt:1)
  A jackal skeleton (D:4)
  2 kobold skeletons
  A kobold zombie (Crypt:3)
  A leopard gecko skeleton (D:4)
  A leopard gecko zombie (D:8)
  A quokka zombie (D:7)
  5 rats
  6 ball lightnings (Pan)
  A bush (Depths:2)
  17 crawling corpses
  3 fire vortices (Pan)
  2 lurking horrors (Abyss:3)
  14 starspawn tentacles
  A tentacle (Coc:7)
5887 creatures vanquished.

Vanquished Creatures (collateral kills)
  Asmodeus (Geh:7)
  Gloorx Vloq (Pan)
  Ereshkigal (Tar:7)
  Mnoleg (Pan)
  Khufu (Tomb:1)
  Mennas (Pan)
  3 royal mummies
  6 shard shrikes
  A profane servitor (Abyss:1)
  4 bone dragons
  9 Brimstone Fiends
  An electric golem (Zot:1)
  6 pandemonium lords (Pan)
  2 iron giants
  8 Tzitzimimeh
  A lich (Tar:7)
  5 doom hounds
  6 Ice Fiends
  A tentacled monstrosity (Pan)
  7 Executioners (Pan)
  2 Hell Sentinels
  2 quicksilver dragons
  An eldritch tentacle (Pan)
  2 ancient champions
  8 shadow dragons
  A warmonger (Pan)
  A death cob (Zot:1)
  A daeva (Abyss:1)
  2 fire giants (Geh:7)
  2 frost giants (Coc:7)
  A draconian knight (Zot:1)
  22 balrugs
  A ghost moth (Pan)
  5 cacodemons
  A draconian shifter (Zot:1)
  7 iron dragons
  An angel (Abyss:3)
  3 black suns (Pan)
  A draconian annihilator (Pan)
  A very ugly thing (Abyss:1)
  4 blood saints (Pan)
  8 war gargoyles (Dis:7)
  17 reapers
  A corrupter (Pan)
  An elemental wellspring (Coc:7)
  A vampire knight (Tar:5)
  8 lorocyprocas
  An ophan (Abyss:3)
  A bennu (Tomb:3)
  2 deep elf annihilators (Pan)
  A red draconian (Zot:2)
  A yellow draconian (Crypt:1)
  An eidolon (Crypt:3)
  9 green deaths
  7 blizzard demons
  2 quicksilver dragon zombies
  A fire dragon (Abyss:3)
  6 ice dragons (Coc:7)
  A kraken zombie (Coc:7)
  2 quicksilver dragon skeletons
  A juggernaut simulacrum (Pan)
  3 hell beasts (Pan)
  A monstrous demonspawn (Pan)
  3 ghost crabs
  A satyr (Zig:11)
  A vampire mage (Tar:7)
  3 orc high priests (Zig:12)
  2 titan zombies
  10 death scarabs (Tomb:3)
  A thrashing horror (Abyss:3)
  4 hell hogs
  2 shock serpents (Pan)
  3 storm dragon zombies
  4 hell knights
  2 titan skeletons
  5 iron golems
  16 soul eaters
  11 shadow wraiths
  32 sun demons
  2 golden dragon zombies (Tar:7)
  43 skeletal warriors
  2 flayed ghosts
  9 anaconda zombies
  9 sixfirhies (Pan)
  8 iron trolls
  2 storm dragon skeletons
  2 death drakes
  2 ghost moth zombies
  10 shadow demons
  6 bog bodies (Coc:7)
  3 torturous demonspawn (Pan)
  2 gelid demonspawn (Pan)
  2 golden dragon skeletons
  A phantasmal warrior (Tar:6)
  3 necromancers
  An anaconda skeleton (Tar:7)
  2 wolf spider zombies
  4 iron dragon zombies
  2 harpies (Zig:11)
  A manticore (Abyss:3)
  A shadow dragon zombie (Coc:7)
  An ugly thing (Abyss:1)
  A tengu skeleton (Zig:5)
  A fire giant zombie (Coc:7)
  2 shining eyes (Pan)
  A faun (Zig:11)
  5 stone giant zombies
  4 frost giant zombies
  2 moths of wrath (Zot:1)
  An iron dragon skeleton (Geh:7)
  2 dire elephant zombies (Coc:7)
  A frost giant skeleton (Tar:7)
  4 ice statues
  7 orange demons (Pan)
  8 rust devils
  5 molten gargoyles (Geh:7)
  5 stone giant skeletons
  2 eyes of devastation (Pan)
  19 smoke demons
  2 dire elephant skeletons
  A shock serpent skeleton (Geh:6)
  18 hellions
  An emperor scorpion zombie (Coc:6)
  16 tormentors
  5 guardian mummies (Tomb:3)
  8 demonic crawlers
  18 ice devils
  5 freezing wraiths (Coc:7)
  20 red devils
  3 hellwings (Pan)
  A minotaur skeleton (Coc:6)
  A merfolk (Zig:11)
  9 hydra zombies
  2 harpy zombies
  A raiju (Zig:10)
  2 fire dragon zombies
  A harpy skeleton (Tar:5)
  4 ettin zombies
  An ice dragon zombie (Coc:7)
  5 hydra skeletons
  2 alligator skeletons
  3 alligator zombies
  2 black mamba zombies
  41 flying skulls
  7 ynoxinuls (Pan)
  2 ice dragon skeletons
  3 shadows
  3 fire dragon skeletons
  2 water elementals
  4 ettin skeletons
  3 ushabtiu
  A fire bat (Abyss:3)
  12 wraiths
  A golden eye (Pan)
  8 fire elementals
  7 chaos spawn (Pan)
  A black mamba skeleton (Pan)
  9 neqoxecs
  2 hydra simulacra (Coc:7)
  19 large abominations
  A merfolk zombie (Tar:5)
  42 hell hounds
  4 cane toad zombies
  A cane toad skeleton (Tar:5)
  2 ice beasts
  8 necrophages
  2 eyes of draining (Pan)
  An ice dragon simulacrum (Tomb:2)
  A phantom (Tar:7)
  An orc warrior (Zig:12)
  2 snapping turtle zombies
  3 snapping turtle skeletons
  A swamp dragon skeleton (Abyss:1)
  An elf zombie (Dis:7)
  A troll zombie (Tar:6)
  A snapping turtle simulacrum (Coc:7)
  20 wights
  A troll skeleton (Geh:7)
  3 crimson imps
  5 starcursed masses
  A centaur zombie (Coc:7)
  8 iron imps
  A human skeleton (Geh:7)
  A naga zombie (Tar:7)
  7 mummies
  6 shadow imps
  7 white imps
  2 fire vortices (Pan)
  A lurking horror (Abyss:3)
  3 starspawn tentacles
  A tentacle (Coc:7)
894 creatures vanquished.

Vanquished Creatures (others)
  6 royal mummies
  A pandemonium lord (Pan)
  A Brimstone Fiend (Pan)
  A Tzitzimitl (Tar:5)
  2 liches (Tomb:2)
  An eldritch tentacle (Zot:5)
  2 ancient champions
  2 shadow dragons (Vaults:5)
  A revenant (Tomb:3)
  4 fire giants
  A cacodemon (Pan)
  Aizul (Vaults:1)
  2 elemental wellsprings
  6 mummy priests
  A naga warrior (Snake:4)
  12 death scarabs
  2 hell hogs
  2 wizards
  2 deep elf magi (WizLab)
  A phantasmal warrior (Vaults:4)
  A manticore (Shoals:1)
  A fire giant skeleton (Tomb:3)
  A smoke demon (Geh:1)
  A hellion (Geh:7)
  7 guardian mummies
  A hydra zombie (Coc:7)
  5 dream sheep (D:9)
  8 ushabtiu
  A ynoxinul (Pan)
  An ettin skeleton (Tomb:3)
  2 water elementals (Depths:2)
  5 yaks
  2 neqoxecs
  A naga (Snake:4)
  A water moccasin (shapeshifter) (Depths:2)
  3 cane toad zombies
  An ettin simulacrum (Tomb:3)
  A wight (Tar:5)
  An orc priest (Elf:3)
  A bullfrog skeleton (D:13)
  A jelly (D:13)
  5 mummies
  An orc (Elf:3)
  16 ball lightnings (Pan)
  2 blocks of ice (Pan)
  76 bushes
  33 demonic plants (Gauntlet)
  2 fire vortices (Pan)
  6 foxfires
  43 fungi
  A lurking horror (Abyss:2)
  71 plants
  26 starspawn tentacles
  2 tentacles (Coc:7)
  6 withered plants (D:12)
387 creatures vanquished.

Grand Total: 7168 creatures vanquished

Notes
Turn   | Place    | Note
-------+----------+-------------------------------------------
     0 | D:1      | Gerhazo the Hill Orc Fighter began the quest for the Orb.
     0 | D:1      | Reached XP level 1. HP: 19/19 MP: 1/1
   140 | D:1      | Reached XP level 2. HP: 27/27 MP: 2/2
   559 | D:2      | Found an iron altar of Okawaru.
   568 | D:2      | Reached XP level 3. HP: 26/33 MP: 3/3
   830 | D:4      | Reached XP level 4. HP: 32/40 MP: 4/4
  1017 | D:4      | Found Efuexzaf's General Store.
  1037 | D:4      | Found a staircase to the Ecumenical Temple.
  1048 | Temple   | Entered the Ecumenical Temple
  1310 | D:2      | Became a worshipper of Warmaster Okawaru
  1374 | D:2      | Found a basalt altar of Yredelemnul.
  1655 | D:2      | Found a shadowy altar of Dithmenos.
  1746 | D:2      | Reached XP level 5. HP: 39/47 MP: 5/5
  2207 | D:3      | Reached skill level 5 in Axes
  2450 | D:3      | Reached XP level 6. HP: 18/53 MP: 6/6
  2450 | D:3      | Found a snail-covered altar of Cheibriados.
  3454 | D:4      | Reached skill level 5 in Fighting
  3693 | D:5      | Entered Level 5 of the Dungeon
  3705 | D:5      | Got a crude iron amulet
  3712 | D:5      | Identified the amulet "Kibb" {Reflect rPois SH+5} (You
                  | found it on level 5 of the Dungeon)
  3940 | D:5      | Reached XP level 7. HP: 58/61 MP: 7/7
  4109 | D:5      | Found a runed translucent door.
  4110 | D:5      | Noticed Crazy Yiuf
  4117 | D:5      | Killed Crazy Yiuf
  4211 | D:5      | Reached skill level 5 in Shields
  4334 | D:5      | Found a shadowy altar of Dithmenos.
  4447 | D:5      | Found a sacrificial altar of Ru.
  4495 | D:5      | Got a bloodstained spear
  4545 | D:5      | Reached skill level 5 in Armour
  4547 | D:5      | Found a shimmering blue altar of Sif Muna.
  4818 | D:6      | Noticed Grinder
  4819 | D:6      | Paralysed by Grinder for 7 turns
  4832 | D:6      | Killed Grinder
  4832 | D:6      | Reached * piety under Okawaru
  4833 | D:6      | Reached XP level 8. HP: 44/70 MP: 8/8
  4978 | D:6      | Found an opulent altar of Gozag.
  5020 | D:6      | Noticed Maggie
  5045 | D:6      | HP: 1/70 [Maggie/bolt of fire (24)]
  5047 | D:6      | Killed Maggie
  5428 | D:6      | Reached ** piety under Okawaru
  6826 | D:7      | Reached XP level 9. HP: 69/78 MP: 9/9
  6930 | D:7      | Found a hide-covered altar of Uskayaw.
  6998 | D:7      | Identified the ring "Laulil" {Str+5 Stlth-}
  7077 | D:7      | Found Ronwewk's Lightly-Used Armoury.
  7270 | D:7      | Reached skill level 10 in Axes
  7475 | D:8      | Reached *** piety under Okawaru
  7851 | D:8      | Found a roughly hewn altar of Beogh.
  8211 | D:8      | Found the +2 shield of Resistance {rF++ rC++ Will++}
  8306 | D:8      | Reached **** piety under Okawaru
  8350 | D:8      | Reached XP level 10. HP: 88/88 MP: 10/10
  8807 | D:9      | Found a staircase to the Orcish Mines.
  8991 | D:9      | Noticed a two-headed ogre
  9003 | D:9      | Killed a two-headed ogre
  9449 | D:9      | Found an ancient bone altar of Kikubaaqudgha.
  9708 | D:9      | Found a shimmering altar of Xom.
  9937 | D:10     | Entered Level 10 of the Dungeon
  9955 | D:10     | Reached ***** piety under Okawaru
 10061 | D:10     | Noticed a two-headed ogre
 10070 | D:10     | Killed a two-headed ogre
 10071 | D:10     | Reached XP level 11. HP: 74/97 MP: 11/11
 10244 | D:10     | Received a gift from Okawaru
 10413 | D:10     | Found Istal's Distillery.
 10421 | D:10     | Bought a potion of curing for 36 gold pieces
 10672 | D:11     | Found Detey's Armour Shoppe.
 10705 | D:11     | Noticed a two-headed ogre
 10719 | D:11     | Killed a two-headed ogre
 10864 | D:11     | Found Leecio's Magic Scroll Boutique.
 10879 | D:11     | Bought a scroll of teleportation for 33 gold pieces
 10929 | D:11     | Found Raobesyru's Distillery.
 10989 | D:11     | Found Nyneolin's Armour Boutique.
 11228 | D:11     | Reached skill level 10 in Fighting
 11261 | D:11     | Received a gift from Okawaru
 11262 | D:11     | Reached ****** piety under Okawaru
 11273 | D:11     | Noticed a two-headed ogre
 11275 | D:11     | Found a staircase to the Lair.
 11288 | D:11     | Killed a two-headed ogre
 11289 | D:11     | Reached skill level 1 in Invocations
 11460 | D:11     | Found Girikhig's Weapon Boutique.
 12460 | D:12     | Noticed a two-headed ogre
 12478 | D:12     | Killed a two-headed ogre
 12758 | D:12     | Noticed Frances
 12786 | D:13     | Noticed a centaur warrior
 12806 | D:13     | Killed a centaur warrior
 12806 | D:13     | Received a gift from Okawaru
 12807 | D:13     | Reached skill level 15 in Axes
 12807 | D:13     | Reached XP level 12. HP: 66/108 MP: 14/14
 12875 | D:13     | Found Dubea's Distillery.
 12891 | D:13     | Reached skill level 10 in Armour
 12892 | D:13     | Found Tuw Bono's Assorted Antiques.
 12916 | D:13     | Found Dauggaf's Antique Armour Shoppe.
 12945 | D:13     | Found a flickering gateway to a bazaar.
 12957 | Bazaar   | Entered a bazaar
 12958 | Bazaar   | Found Suweozicupp's Gadget Emporium.
 12958 | Bazaar   | Found Oteakk's Armour Emporium.
 12959 | Bazaar   | Found Hedecsum's Weapon Shop.
 12990 | Bazaar   | Found Fistrokki's General Store.
 13081 | D:13     | Found Jolenauj's General Store.
 13092 | D:13     | Reached skill level 10 in Shields
 13295 | Lair:1   | Entered Level 1 of the Lair of Beasts
 13607 | Lair:1   | Reached skill level 1 in Dodging
 13708 | Lair:1   | Got a scorched amber ring
 13710 | Lair:1   | Identified the ring "Vopnil" {Ice rElec rN+ Int+7 Dex-5}
                  | (You found it on level 1 of the Lair of Beasts)
 14540 | Lair:2   | Found a staircase to the Shoals.
 14557 | Lair:2   | Noticed a five-headed hydra
 14571 | Lair:2   | Killed a one-headed hydra
 14674 | Lair:2   | Reached skill level 5 in Invocations
 14976 | Lair:2   | Noticed Harold
 14980 | Lair:2   | Noticed Gastronok
 15021 | Lair:2   | Killed Harold
 15484 | Lair:2   | Received a gift from Okawaru
 15590 | Lair:2   | Reached XP level 13. HP: 102/116 MP: 17/17
 15645 | Lair:2   | Found a staircase to the Snake Pit.
 16026 | Lair:2   | Killed Gastronok
 16544 | Lair:3   | Received a gift from Okawaru
 16690 | Lair:3   | Found a gate leading to a gauntlet.
 16709 | Gauntlet | Entered a Gauntlet
 16709 | Gauntlet | Found a transporter.
 16750 | Gauntlet | Found a transporter.
 16765 | Gauntlet | Found a transporter.
 16770 | Gauntlet | Found a transporter.
 16773 | Gauntlet | Noticed a blizzard demon
 16791 | Gauntlet | Found a transporter.
 16808 | Gauntlet | Found a transporter.
 16820 | Gauntlet | Found a transporter.
 16826 | Gauntlet | Noticed a cacodemon
 16832 | Gauntlet | Found a transporter.
 16840 | Gauntlet | Found a large runed translucent door.
 16841 | Gauntlet | Found a large runed translucent door.
 16842 | Gauntlet | Found a large runed translucent door.
 16842 | Gauntlet | Found a large runed translucent door.
 16843 | Gauntlet | Found a runed translucent gate.
 16844 | Gauntlet | Found a transporter.
 16844 | Gauntlet | Found a runed translucent gate.
 16844 | Gauntlet | Noticed a dire elephant
 16845 | Gauntlet | Found a runed translucent gate.
 16846 | Gauntlet | Found a large runed translucent door.
 16846 | Gauntlet | Found a large runed translucent door.
 16847 | Gauntlet | Found a large runed translucent door.
 16848 | Gauntlet | Found a large runed translucent door.
 16856 | Gauntlet | Found a transporter.
 16859 | Gauntlet | Noticed a cacodemon
 16871 | Gauntlet | Found a large runed translucent door.
 16871 | Gauntlet | Found a large runed translucent door.
 16871 | Gauntlet | Found a runed translucent door.
 16871 | Gauntlet | Found a runed translucent door.
 16872 | Gauntlet | Found a large runed translucent door.
 16873 | Gauntlet | Found a large runed translucent door.
 16875 | Gauntlet | Found a transporter.
 16875 | Gauntlet | Found a transporter.
 16923 | Gauntlet | Found a large runed translucent door.
 16923 | Gauntlet | Found a transporter.
 16923 | Gauntlet | Found a large runed translucent door.
 16924 | Gauntlet | Found a large runed translucent door.
 16948 | Gauntlet | Found a transporter.
 16968 | Gauntlet | Found a transporter.
 16989 | Gauntlet | Found a transporter.
 16991 | Gauntlet | Found a transporter.
 17098 | Gauntlet | Found a transporter.
 17242 | Gauntlet | Found a large runed translucent door.
 17287 | Gauntlet | Got a bloodstained scale mail
 17299 | Gauntlet | Identified the +2 scale mail of Mamemi {Harm} (You found it
                  | in a Gauntlet)
 17515 | Gauntlet | Got a vibrating copper ring
 17517 | Gauntlet | Identified the ring "Hola" {Wiz rF+ rN+} (You found it in a
                  | Gauntlet)
 17566 | Gauntlet | Noticed a minotaur
 17576 | Gauntlet | Killed a minotaur
 19433 | Lair:4   | Received a gift from Okawaru
 19450 | Lair:4   | Found a dark tunnel.
 19503 | Volcano  | Entered a volcano
 19781 | Volcano  | Found a bloodstained altar of Trog.
 19781 | Volcano  | Noticed an ogre mage
 19792 | Volcano  | Reached skill level 1 in Evocations
 19802 | Volcano  | Killed an ogre mage
 19803 | Volcano  | Reached XP level 14. HP: 127/127 MP: 19/19
 21389 | Lair:5   | Received a gift from Okawaru
 21773 | Lair:5   | Reached skill level 5 in Dodging
 21822 | Lair:5   | Got a smoking long sword
 21824 | Lair:5   | Identified the +5 long sword of Eternal War {vorpal, rN+
                  | Str+3 Dex+5} (You found it on level 5 of the Lair of
                  | Beasts)
 22089 | Lair:5   | Found a hide-covered altar of Uskayaw.
 22089 | Lair:5   | Found an ornate altar of the Wu Jian Council.
 22721 | Lair:6   | Entered Level 6 of the Lair of Beasts
 22842 | Lair:6   | Received a gift from Okawaru
 22875 | Lair:6   | Reached XP level 15. HP: 42/135 MP: 19/22
 23260 | Lair:6   | Found a frozen archway.
 23277 | IceCv    | Entered an ice cave
 23407 | IceCv    | Received a gift from Okawaru
 23415 | IceCv    | Got a distressingly furry scale mail {god gift}
 23428 | IceCv    | Identified the +1 scale mail of the Slug {Rampage Int+2}
                  | (Okawaru gifted it to you in an ice cave)
 23720 | IceCv    | Reached skill level 10 in Invocations
 23998 | IceCv    | Noticed a frost giant
 24069 | IceCv    | Killed a frost giant
 24306 | IceCv    | Got a polished demon trident
 25316 | Lair:6   | Found a burning altar of Makhleb.
 25410 | Lair:6   | Found a gateway to Hell.
 25776 | Lair:6   | Found a viscous altar of Jiyva.
 25777 | Lair:6   | Found a staircase to the Slime Pits.
 26144 | Orc:1    | Entered Level 1 of the Orcish Mines
 26321 | Orc:2    | Entered Level 2 of the Orcish Mines
 26334 | Orc:2    | Received a gift from Okawaru
 26358 | Orc:2    | Got a fine buckler {god gift}
 26369 | Orc:2    | Identified the +0 buckler of the Sun {rF+ Int+3} (Okawaru
                  | gifted it to you on level 2 of the Orcish Mines)
 26407 | Orc:2    | Found Hyariv's Antique Armour Shop.
 26558 | Orc:2    | Found Tigioggonn's General Store.
 26590 | Orc:2    | Noticed an orc warlord
 26605 | Orc:2    | Reached XP level 16. HP: 128/145 MP: 16/24
 26881 | Orc:2    | Found a staircase to the Elven Halls.
 26955 | Orc:2    | Found Leima's Antique Weapon Shop.
 27030 | Orc:2    | Found Cyab's Jewellery Shoppe.
 27468 | D:12     | Found a runed translucent gate.
 27469 | D:12     | Found a runed translucent gate.
 27470 | D:12     | Found a runed translucent gate.
 27471 | D:12     | Noticed Hank's ghost (journeyman MiFi)
 27471 | D:12     | Noticed destino's ghost (journeyman HaHu)
 27551 | D:12     | Noticed Rupert
 27571 | D:12     | Killed Rupert
 27632 | D:12     | Noticed Jorgrun
 27654 | D:12     | Killed Jorgrun
 27873 | D:12     | Noticed Sonja
 27915 | D:12     | Killed Sonja
 28702 | D:12     | Killed destino's ghost
 28728 | D:12     | Killed Hank's ghost
 28935 | D:12     | Killed Frances
 28991 | D:13     | Got a translucent chain mail
 29003 | D:13     | Identified the +1 chain mail of the Gate {rCorr Str+4 Dex-5
                  | Slay+3} (You found it on level 13 of the Dungeon)
 29810 | D:14     | Found a broken altar of Ashenzari.
 29811 | D:14     | You fall into a shaft and drop 1 floor!
 29811 | D:15     | Entered Level 15 of the Dungeon
 29811 | D:15     | Found Niemugos's Distillery.
 30663 | D:15     | Received a gift from Okawaru
 30696 | D:15     | Found a staircase to the Depths.
 30886 | D:15     | Got a faintly humming ring mail {god gift}
 30897 | D:15     | Identified the +4 ring mail "Fyobuth" {rF+ rC+} (Okawaru
                  | gifted it to you on level 15 of the Dungeon)
 30911 | D:15     | Identified a scroll of acquirement
 31121 | D:15     | Acquired a manual of Dodging
 31265 | Shoals:1 | Entered Level 1 of the Shoals
 31309 | Shoals:1 | Identified Roxanne's Grimoire of Shape Shifting
 31309 | Shoals:1 | Noticed Roxanne
 31382 | Shoals:1 | Noticed Kirke
 31486 | Shoals:1 | Killed Kirke
 31487 | Shoals:1 | Reached XP level 17. HP: 94/154 MP: 26/26
 31940 | Shoals:1 | Killed Roxanne
 32436 | Shoals:2 | Received a gift from Okawaru
 34631 | Shoals:3 | Reached skill level 15 in Fighting
 35042 | Shoals:3 | Received a gift from Okawaru
 35061 | Shoals:3 | Got a masterwork hand axe {god gift}
 35064 | Shoals:3 | Identified the +0 hand axe of Toyps {protect, Int+4}
                  | (Okawaru gifted it to you on level 3 of the Shoals)
 35682 | Shoals:4 | Entered Level 4 of the Shoals
 35924 | Shoals:4 | Found a broken altar of Ashenzari.
 38412 | Shoals:4 | Reached XP level 18. HP: 124/163 MP: 28/28
 38910 | Shoals:4 | Got a barnacled rune of Zot
 39296 | Snake:1  | Entered Level 1 of the Snake Pit
 39867 | Snake:1  | Received a gift from Okawaru
 39887 | Snake:1  | Reached skill level 10 in Dodging
 40008 | Snake:1  | Found a runed translucent gate.
 40008 | Snake:1  | Found a runed translucent gate.
 40012 | Snake:1  | Found a runed translucent gate.
 41596 | Snake:2  | Noticed Vashnia
 41638 | Snake:2  | Received a gift from Okawaru
 41684 | Snake:2  | Killed Vashnia
 42154 | Snake:2  | Found Cizam's Jewellery Emporium.
 43501 | Snake:3  | Reached skill level 15 in Armour
 44104 | Snake:4  | Entered Level 4 of the Snake Pit
 44231 | Snake:4  | Reached skill level 15 in Shields
 44396 | Snake:4  | Reached XP level 19. HP: 163/172 MP: 29/29
 44777 | Snake:4  | Received a gift from Okawaru
 45075 | Snake:4  | Reached skill level 15 in Invocations
 45600 | Snake:4  | Got a serpentine rune of Zot
 47280 | Elf:1    | Entered Level 1 of the Elven Halls
 47338 | Elf:1    | Received a gift from Okawaru
 47359 | Elf:1    | Got a scorched war axe {god gift}
 47362 | Elf:1    | Identified the +8 war axe of Kixtuu {pain, rF+ rC- Str+6}
                  | (Okawaru gifted it to you on level 1 of the Elven Halls)
 47986 | Elf:1    | Identified the Incunabulum of the Echidna
 48502 | Elf:1    | Received a gift from Okawaru
 48802 | Elf:2    | Reached XP level 20. HP: 170/183 MP: 31/31
 49238 | Elf:2    | Found a runed translucent gate.
 49238 | Elf:2    | Found a runed translucent gate.
 49238 | Elf:2    | Found a runed translucent gate.
 49320 | Elf:2    | Reached skill level 5 in Evocations
 49843 | Elf:2    | Found Tatu Ete's Gadget Emporium.
 49852 | Elf:2    | Found Qarerom's Weapon Shoppe.
 50103 | Elf:3    | Entered Level 3 of the Elven Halls
 50117 | Elf:3    | Got a steaming war axe
 50118 | Elf:3    | Identified the +6 war axe of Heegocs {flame, Str+6} (You
                  | found it on level 3 of the Elven Halls)
 50163 | Elf:3    | Noticed Saint Roka
 50628 | Elf:3    | Killed Saint Roka
 51400 | Elf:3    | Noticed a Tzitzimitl
 51977 | Elf:3    | Received a gift from Okawaru
 52002 | Elf:3    | Reached skill level 1 in Translocations
 52015 | Elf:3    | Noticed a Brimstone Fiend
 52642 | Elf:3    | Received a gift from Okawaru
 52859 | Elf:1    | Got a heavily runed scale mail {god gift}
 52872 | Elf:1    | Identified the +1 scale mail of the Harvest {Regen+}
                  | (Okawaru gifted it to you on level 1 of the Elven Halls)
 53022 | Elf:3    | Reached XP level 21. HP: 178/192 MP: 32/32
 53024 | Elf:3    | Identified the +6 long sword "Xecevveo" {vorpal, rElec}
 53028 | Elf:3    | Identified the +8 whip of Conscience {venom, rN+}
 53032 | Elf:3    | Identified the +5 short sword of Popular Demand {holy, +Inv
                  | Str+4}
 53160 | Elf:3    | Identified Caseganu's Handbook of Damage Dealing and the
                  | Entourage
 53494 | Elf:3    | Got an amethyst-encrusted chain mail
 53505 | Elf:3    | Identified the +14 chain mail "Nem Puyc" {Regen+} (You
                  | found it on level 3 of the Elven Halls)
 53558 | Elf:3    | Identified Baojeih's Tome of Supportive Cold
 53563 | Elf:3    | Got a pitted chain mail
 53575 | Elf:3    | Identified the +1 chain mail "Doxt" {rN+++ Int+2 Stlth-}
                  | (You found it on level 3 of the Elven Halls)
 53588 | Elf:3    | Got a dazzling ring mail
 53600 | Elf:3    | Identified the +1 ring mail of Capyjexe {Harm Will- rCorr
                  | SInv} (You found it on level 3 of the Elven Halls)
 54112 | D:14     | Found a broken altar of Ashenzari.
 54254 | D:14     | Found a gate to the Vaults.
 54821 | Vaults:1 | Entered Level 1 of the Vaults
 54845 | Vaults:1 | Received a gift from Okawaru
 54856 | Vaults:1 | Got a smoking robe {god gift}
 54869 | Vaults:1 | Identified the +2 robe "Foor Jes" {+Blink rElec rC+ rCorr}
                  | (Okawaru gifted it to you on level 1 of the Vaults)
 55111 | Vaults:1 | Noticed Nikola
 55127 | Vaults:1 | Killed Nikola
 55433 | Vaults:1 | Noticed Aizul
 55440 | Vaults:1 | Killed Aizul
 55670 | Vaults:1 | Received a gift from Okawaru
 55676 | Vaults:1 | Got a brightly glowing ring mail {god gift}
 55689 | Vaults:1 | Identified the +1 ring mail of the Lotus Blossom {rN+ Str-3
                  | Int+2 Dex+4} (Okawaru gifted it to you on level 1 of the
                  | Vaults)
 55810 | Vaults:1 | You fall into a shaft and drop 1 floor!
 55954 | Vaults:1 | Learned a level 2 spell: Blink
 56298 | Vaults:2 | Found a ruined gateway.
 56331 | Desolati | Entered the Desolation of Salt
 56381 | Desolati | Reached XP level 22. HP: 198/204 MP: 33/33
 56461 | Desolati | Reached skill level 5 in Translocations
 56775 | Desolati | Received a gift from Okawaru
 56856 | Desolati | Identified the Guide on Fire and Unholy Arts
 56858 | Desolati | Identified the Tome of the New World
 56861 | Desolati | Got a bloodstained falchion
 56873 | Desolati | Identified the +7 falchion of the Last Mice {vorpal, rF++
                  | rN+ Str-4 Int+4} (You found it in the Desolation of Salt)
 56877 | Desolati | Got a pitted spear
 56879 | Desolati | Identified the +9 spear "Bikupt" {vorpal, Dex+3} (You found
                  | it in the Desolation of Salt)
 56972 | Desolati | Found the +5 sword of Power {vorpal}
 57012 | Desolati | Identified Plog's Papyrus of Confrontation and Sinister
                  | Secrets
 57016 | Desolati | Got a brightly glowing pewter amulet
 57027 | Desolati | Identified the amulet "Xifoimpa" {RegenMP Str+3 Int+2
                  | Dex+4} (You found it in the Desolation of Salt)
 57049 | Desolati | Received a gift from Okawaru
 57157 | Desolati | Identified the Grimoire of the Beginning
 57572 | Vaults:2 | Found a staircase to the Crypt.
 57777 | Vaults:2 | Noticed Bai Suzhen
 57786 | Vaults:2 | Killed Bai Suzhen
 57824 | Vaults:2 | Received a gift from Okawaru
 58209 | Vaults:2 | Found a transporter.
 58250 | Vaults:2 | Found a transporter.
 58378 | Vaults:2 | Received a gift from Okawaru
 58379 | Vaults:2 | Reached XP level 23. HP: 208/216 MP: 30/35
 58411 | Vaults:2 | Got a shimmering marble ring
 58413 | Vaults:2 | Identified the ring "Zymih" {Fire Dex+2} (You found it on
                  | level 2 of the Vaults)
 58424 | Vaults:2 | Got a slimy steel ring
 58426 | Vaults:2 | Identified the ring "Fikuffiz" {rF+ Str-2 Dex+5} (You found
                  | it on level 2 of the Vaults)
 58449 | Vaults:2 | Got a heavily runed ivory ring
 58451 | Vaults:2 | Identified the ring "Xiysen" {rN+++ Str-2 Int+5 Dex-3
                  | Stlth+} (You found it on level 2 of the Vaults)
 59642 | Vaults:3 | Received a gift from Okawaru
 59645 | Vaults:3 | Got ichor-stained gold dragon scales {god gift}
 59657 | Vaults:3 | Identified the +0 gold dragon scales "Naulent" {rPois rF+
                  | rC+ Int+3 Dex+4 Stlth-} (Okawaru gifted it to you on level
                  | 3 of the Vaults)
 60814 | Vaults:4 | Noticed Mara
 60836 | Vaults:4 | Noticed Gerhazo's illusion
 60838 | Vaults:4 | Killed Mara
 61628 | Vaults:5 | Entered Level 5 of the Vaults
 61646 | Vaults:5 | Received a gift from Okawaru
 61650 | Vaults:5 | Noticed an ancient lich
 61931 | Vaults:4 | Killed an ancient lich
 61932 | Vaults:4 | Reached XP level 24. HP: 220/231 MP: 35/35
 62085 | Vaults:5 | Cast into level 3 of the Abyss (tengu reaver)
 62085 | Abyss:3  | Found a corrupted altar of Lugonu.
 62343 | Abyss:3  | Received a gift from Okawaru
 62485 | Vaults:5 | Escaped the Abyss
 62807 | Vaults:5 | Noticed an ancient lich
 62824 | Vaults:4 | Killed an ancient lich
 63036 | Vaults:5 | Received a gift from Okawaru
 63461 | Vaults:5 | Reached skill level 15 in Dodging
 63469 | Vaults:5 | Received a gift from Okawaru
 63583 | Vaults:5 | Got a translucent crystal amulet
 63594 | Vaults:5 | Identified the amulet of Sloth {rC- Will++ Regen+ SInv}
                  | (You found it on level 5 of the Vaults)
 63631 | Vaults:5 | Identified the ring "Cacsoc" {rPois rN+++ Will+ Int-4
                  | Stlth+}
 63822 | Vaults:5 | Reached XP level 25. HP: 232/240 MP: 35/35
 64310 | Temple   | Fell from the grace of Okawaru
 64310 | Temple   | Became a worshipper of the Shining One
 65233 | Vaults:5 | Got a twitching copper ring
 65237 | Vaults:5 | Identified the ring "Wantaheuc" {Str+6 Dex+6} (You found it
                  | on level 5 of the Vaults)
 65277 | Vaults:5 | Got a translucent cloak
 65288 | Vaults:5 | Identified the +3 cloak of the Bulwark {-Tele +Inv Will+++
                  | Int+6} (You found it on level 5 of the Vaults)
 65313 | Vaults:5 | Got a silver rune of Zot
 65751 | Crypt:1  | Entered Level 1 of the Crypt
 65790 | Crypt:1  | Reached * piety under the Shining One
 65920 | Crypt:1  | Reached ** piety under the Shining One
 65978 | Crypt:1  | Acquired a manual of Evocations
 65980 | Crypt:1  | Acquired a manual of Long Blades
 65982 | Crypt:1  | Acquired the ring "Vule Kal" {rF+ rC++ rN+ Will+}
 65991 | Crypt:1  | Acquired 798 gold pieces
 66068 | Crypt:1  | Reached *** piety under the Shining One
 66357 | Crypt:1  | Reached **** piety under the Shining One
 67116 | Crypt:2  | Reached ***** piety under the Shining One
 67547 | Crypt:2  | Reached ****** piety under the Shining One
 67554 | Crypt:2  | Identified the +2 robe of Tartarus {Str+2 Stlth+}
 68625 | Crypt:2  | Reached skill level 10 in Evocations
 68763 | Crypt:2  | Found an ancient bone altar of Kikubaaqudgha.
 69334 | Crypt:3  | Entered Level 3 of the Crypt
 69341 | Crypt:3  | Noticed Frederick
 69362 | Crypt:3  | Killed Frederick
 69363 | Crypt:3  | Reached XP level 26. HP: 201/251 MP: 35/35
 69688 | Crypt:3  | Found an ancient bone altar of Kikubaaqudgha.
 69782 | Crypt:3  | Got a brightly glowing chain mail
 69795 | Crypt:3  | Identified the cursed +1 chain mail of the Okapi {rF+
                  | rCorr} (You found it on level 3 of the Crypt)
 70200 | Crypt:3  | Identified Zutobu's Papyrus of Unholy Rituals
 70287 | Crypt:3  | Noticed Sojobo
 70304 | Crypt:3  | Killed Sojobo
 70603 | Crypt:3  | Found a staircase to the Tomb.
 70732 | Crypt:3  | Acquired the +6 tower shield of the Depths {Rampage rPois
                  | Will- Str+4}
 70736 | Crypt:3  | Acquired 964 gold pieces
 70756 | Tomb:1   | Entered Level 1 of the Tomb of the Ancients
 71113 | Tomb:1   | Noticed a royal mummy
 71137 | Tomb:1   | Killed a royal mummy
 71250 | Tomb:1   | Noticed a royal mummy
 71307 | Tomb:1   | Killed a royal mummy
 71562 | Tomb:1   | Noticed a royal mummy
 71564 | Tomb:1   | Noticed a royal mummy
 71564 | Tomb:1   | Noticed Khufu
 71575 | Tomb:1   | Killed a royal mummy
 71580 | Tomb:1   | Killed a royal mummy
 71580 | Tomb:1   | Killed Khufu
 71659 | Tomb:1   | Was forgiven by Okawaru
 71928 | Tomb:1   | Noticed an ancient lich
 71931 | Tomb:1   | Killed an ancient lich
 71932 | Tomb:1   | Reached XP level 27. HP: 185/260 MP: 30/35
 72840 | Depths:1 | Entered Level 1 of the Depths
 73332 | Depths:1 | Found a one-way gate to the infinite horrors of the Abyss.
 74095 | Depths:2 | Found a corrupted altar of Lugonu.
 74302 | Depths:2 | Reached skill level 27 in Axes
 74334 | Depths:2 | Reached skill level 15 in Evocations
 74534 | Depths:2 | Got a fine plate armour
 74540 | Depths:2 | Got a crude platinum ring
 74561 | Depths:2 | Identified the ring of Icwur {Wiz rF+} (You found it on
                  | level 2 of the Depths)
 74729 | Depths:3 | Found a gateway to a ziggurat.
 74795 | Depths:3 | Paralysed by a floating eye for 2 turns
 75065 | Depths:3 | Reached skill level 1 in Spellcasting
 75248 | Depths:3 | Found a runed translucent door.
 75311 | Depths:3 | Found the +0 staff of Battle
 75342 | Depths:3 | Got a faintly glowing steel amulet
 75353 | Depths:3 | Identified the amulet of Niasmoiw {Inacc rF+ rC- SInv} (You
                  | found it on level 3 of the Depths)
 75375 | Depths:3 | Identified the cursed +1 plate armour of Izeeng {Int+4}
                  | (You found it on level 2 of the Depths)
 75877 | Depths:3 | Found a one-way gate leading to the halls of Pandemonium.
 76349 | Depths:3 | Found Muomuuto's Gadget Emporium.
 76350 | Depths:3 | Found Amaunoat's Jewellery Shop.
 76350 | Depths:3 | Found Abieg's Jewellery Shop.
 76832 | Depths:4 | Noticed Louise
 76839 | Depths:4 | Killed Louise
 76963 | Depths:4 | Found a magical portal.
 77042 | WizLab   | Entered Iskenderun's Mystic Tower
 77420 | WizLab   | Identified Wioseoc's Disquisition on Envenoming
 77420 | WizLab   | Identified Sif Muna's Handbook of the Traveller
 77453 | WizLab   | Identified Iskenderun's Volume of Conjuration
 77453 | WizLab   | Identified Iskenderun's Compendium of Combat Magic
 78487 | Depths:4 | Noticed an ancient lich
 78503 | Depths:4 | Killed an ancient lich
 78854 | Depths:5 | Entered Level 5 of the Depths
 79049 | Depths:5 | Noticed Xtahua
 79056 | Depths:5 | Killed Xtahua
 79362 | Depths:5 | Found a gate to the Realm of Zot.
 79876 | Hell     | Entered the Vestibule of Hell
 79876 | Hell     | Noticed Geryon
 79910 | Hell     | Killed Geryon
 79928 | Hell     | Gained mutation: Your body sometimes deteriorates upon
                  | taking damage. [a cacodemon]
 80170 | Hell     | Found a gateway to the decaying netherworld of Tartarus.
 80340 | Hell     | Found a gateway to the ashen valley of Gehenna.
 80400 | Hell     | Found a gateway to the Iron City of Dis.
 80527 | Hell     | Found a gateway to the freezing wastes of Cocytus.
 80631 | Zot:1    | Entered Level 1 of the Realm of Zot
 80687 | Zot:1    | Noticed an ancient lich
 81100 | Zot:1    | Identified the amulet "Qeurawurgh" {Reflect rPois rF+
                  | Slay+3 SH+5 SInv}
 81117 | Zot:1    | Found a transporter.
 81118 | Zot:1    | Found a transporter.
 81137 | Zot:1    | Identified the ring "Kucvui" {rElec MP+9 Int-4 SInv Stlth+}
 82277 | Zot:2    | Noticed an orb of fire
 82288 | Zot:2    | Gained mutation: Your magical capacity is low. (-10% MP)
                  | [an orb of fire]
 82290 | Zot:2    | Gained mutation: Your magical capacity is very low. (-20%
                  | MP) [an orb of fire]
 82292 | Zot:2    | Gained mutation: You are frail. (-10% HP) [an orb of fire]
 82294 | Zot:2    | Gained mutation: Your magical capacity is extremely low.
                  | (-30% MP) [an orb of fire]
 82295 | Zot:2    | Killed an orb of fire
 85017 | Zot:5    | Entered Level 5 of the Realm of Zot
 85534 | Zot:5    | Noticed an orb of fire
 85555 | Zot:5    | Noticed an orb of fire
 85561 | Zot:5    | Killed an orb of fire
 85569 | Zot:5    | Gained mutation: Scrolls take you a little longer to read.
                  | [an orb of fire]
 85575 | Zot:5    | Gained mutation: You do not regenerate when monsters are
                  | visible. [an orb of fire]
 85579 | Zot:5    | Gained mutation: Your body often deteriorates upon taking
                  | damage. [an orb of fire]
 85583 | Zot:5    | Gained mutation: You are dopey. (Int -2) [an orb of fire]
 85827 | Zot:5    | Gained mutation: You occasionally shout uncontrollably at
                  | your foes. [an orb of fire]
 85831 | Zot:5    | Gained mutation: You are clumsy. (Dex -2) [an orb of fire]
 85844 | Zot:4    | Killed an orb of fire
 86345 | Zot:5    | Noticed an ancient lich
 86346 | Zot:5    | Noticed an orb of fire
 86346 | Zot:5    | Gained mutation: You expend magic power (3 MP) to
                  | strengthen your wands. [an orb of fire]
 86359 | Zot:4    | Killed an ancient lich
 86370 | Zot:4    | Killed an orb of fire
 86467 | Zot:5    | Noticed an orb of fire
 86468 | Zot:5    | Noticed an ancient lich
 86475 | Zot:5    | Gained mutation: You are weak. (Str -2) [an orb of fire]
 86481 | Zot:4    | Gained mutation: Potions are less effective at restoring
                  | your health. [an orb of fire]
 86494 | Zot:4    | Killed an orb of fire
 86701 | Zot:5    | Killed an ancient lich
 87157 | Zot:5    | Noticed an orb of fire
 87168 | Zot:5    | Lost mutation: You occasionally shout uncontrollably at
                  | your foes. [an orb of fire]
 87172 | Zot:5    | Killed an orb of fire
 88266 | Orc:2    | Bought a scroll of blinking for 112 gold pieces
 88266 | Orc:2    | Bought a potion of mutation for 120 gold pieces
 88488 | Lair:5   | Lost mutation: Scrolls take you a little longer to read.
                  | [potion of mutation]
 88488 | Lair:5   | Lost mutation: You are weak. (Str -2) [potion of mutation]
 88488 | Lair:5   | Lost mutation: You do not regenerate when monsters are
                  | visible. [potion of mutation]
 88488 | Lair:5   | Gained mutation: Armour fits poorly on your strangely
                  | shaped body. [potion of mutation]
 88488 | Lair:5   | Lost mutation: Your magical capacity is extremely low.
                  | (-30% MP) [potion of mutation]
 88488 | Lair:5   | Gained mutation: You possess an exceptional clarity of
                  | mind. [potion of mutation]
 88489 | Lair:5   | Lost mutation: You are dopey. (Int -2) [potion of mutation]
 88489 | Lair:5   | Lost mutation: Potions are less effective at restoring your
                  | health. [potion of mutation]
 88489 | Lair:5   | Lost mutation: You are frail. (-10% HP) [potion of
                  | mutation]
 88489 | Lair:5   | Lost mutation: You possess an exceptional clarity of mind.
                  | [potion of mutation]
 88489 | Lair:5   | Gained mutation: You possess an exceptional clarity of
                  | mind. [potion of mutation]
 88490 | Lair:5   | Lost mutation: Armour fits poorly on your strangely shaped
                  | body. [potion of mutation]
 88490 | Lair:5   | Lost mutation: You expend magic power (3 MP) to strengthen
                  | your wands. [potion of mutation]
 88490 | Lair:5   | Gained mutation: You have large cloven feet. [potion of
                  | mutation]
 88490 | Lair:5   | Gained mutation: You are partially covered in molten
                  | scales. (AC +2) [potion of mutation]
 88491 | Lair:5   | Lost mutation: Your magical capacity is very low. (-20% MP)
                  | [potion of mutation]
 88491 | Lair:5   | Lost mutation: Your magical capacity is low. (-10% MP)
                  | [potion of mutation]
 88491 | Lair:5   | Lost mutation: You are partially covered in molten scales.
                  | (AC +2) [potion of mutation]
 88491 | Lair:5   | Lost mutation: Your body often deteriorates upon taking
                  | damage. [potion of mutation]
 88491 | Lair:5   | Gained mutation: You have sharp fingernails. [potion of
                  | mutation]
 88491 | Lair:5   | Gained mutation: You are frail. (-10% HP) [potion of
                  | mutation]
 88491 | Lair:5   | Gained mutation: You evolve. [potion of mutation]
 88491 | Lair:5   | Gained mutation: You are strong-willed. (Will+) [potion of
                  | mutation]
 88492 | Lair:5   | Lost mutation: You are strong-willed. (Will+) [potion of
                  | mutation]
 88492 | Lair:5   | Lost mutation: Your body sometimes deteriorates upon taking
                  | damage. [potion of mutation]
 88492 | Lair:5   | Lost mutation: You are frail. (-10% HP) [potion of
                  | mutation]
 88492 | Lair:5   | Lost mutation: You have sharp fingernails. [potion of
                  | mutation]
 88492 | Lair:5   | Lost mutation: You possess an exceptional clarity of mind.
                  | [potion of mutation]
 88492 | Lair:5   | Gained mutation: You are partially covered in yellow
                  | scales. (AC +2) [potion of mutation]
 88838 | Slime:1  | Entered Level 1 of the Pits of Slime
 88917 | Slime:1  | Lost mutation: You are clumsy. (Dex -2) [a shining eye]
 88927 | Slime:1  | Reached skill level 27 in Fighting
 90181 | Slime:3  | Gained mutation: Your spells are a little harder to cast,
                  | but a little more powerful. [evolution]
 90484 | Slime:3  | Found a viscous altar of Jiyva.
 90570 | Slime:3  | Gained mutation: Armour fits poorly on your strangely
                  | shaped body. [a shining eye]
 90572 | Slime:3  | Gained mutation: You tend to lose your temper in combat. [a
                  | shining eye]
 91025 | Slime:4  | Noticed Dissolution
 91033 | Slime:4  | Paralysed by a floating eye for 2 turns
 91041 | Slime:4  | Killed Dissolution
 91236 | Slime:5  | Entered Level 5 of the Pits of Slime
 91760 | Slime:5  | Gained mutation: You often lose your temper in combat. [a
                  | shining eye]
 91762 | Slime:5  | Gained mutation: You are frail. (-10% HP) [a shining eye]
 93554 | Slime:5  | Lost mutation: Your spells are a little harder to cast, but
                  | a little more powerful. [a shining eye]
 93557 | Slime:5  | Gained mutation: You are very frail. (-20% HP) [a shining
                  | eye]
 93707 | Slime:5  | Gained mutation: Your magical capacity is low. (-10% MP) [a
                  | shining eye]
 93715 | Slime:5  | Gained mutation: You are weak. (Str -2) [a shining eye]
 93843 | Slime:5  | Noticed the Royal Jelly
 94097 | Slime:5  | Killed the Royal Jelly
 94759 | Slime:5  | Got a scorched jade ring
 94760 | Slime:5  | Identified the ring of Twilight {rPois Will- MP+9 Int+6}
                  | (You found it on level 5 of the Pits of Slime)
 94779 | Slime:5  | Got a slimy rune of Zot
 94859 | Slime:5  | Got a wavering lapis lazuli ring
 94860 | Slime:5  | Identified the ring of Tolytz {rPois rN+ Will+ Str+6
                  | Stlth+} (You found it on level 5 of the Pits of Slime)
 94872 | Slime:5  | Got a brightly glowing scale mail
 94883 | Slime:5  | Identified the cursed +0 scale mail "Egenam" {Rampage rElec
                  | rPois Slay-3} (You found it on level 5 of the Pits of
                  | Slime)
 95546 | Depths:1 | Voluntarily entered the Abyss.
 95715 | Abyss:1  | Found an iron altar of Okawaru.
 96023 | Abyss:1  | Gained mutation: Your spells are a little easier to cast,
                  | but a little less powerful. [a shining eye]
 96055 | Abyss:1  | Gained mutation: Scrolls take you a little longer to read.
                  | [a neqoxec]
 96351 | Abyss:2  | Found a corrupted altar of Lugonu.
 96362 | Abyss:2  | Found a corrupted altar of Lugonu.
 96429 | Abyss:3  | Paralysed by accursed screaming for 1 turns
 97141 | Abyss:3  | Found a corrupted altar of Lugonu.
 97267 | Abyss:3  | Paralysed by accursed screaming for 1 turns
 98165 | Abyss:3  | Gained mutation: You are clumsy. (Dex -2) [a cacodemon]
 98290 | Abyss:3  | Found a glowing golden altar of the Shining One.
 98312 | Abyss:3  | Noticed a juggernaut
 98328 | Abyss:3  | Got an abyssal rune of Zot
 98337 | Abyss:3  | Killed a juggernaut
 98362 | Depths:1 | Escaped the Abyss
 98530 | Hell     | Learned a level 4 spell: Passage of Golubria
 98614 | Hell     | Lost mutation: Armour fits poorly on your strangely shaped
                  | body. [potion of mutation]
 98614 | Hell     | Lost mutation: Your spells are a little easier to cast, but
                  | a little less powerful. [potion of mutation]
 98614 | Hell     | Lost mutation: You are weak. (Str -2) [potion of mutation]
 98616 | Hell     | Lost mutation: You are very frail. (-20% HP) [potion of
                  | mutation]
 98616 | Hell     | Lost mutation: Scrolls take you a little longer to read.
                  | [potion of mutation]
 98616 | Hell     | Gained mutation: You are partially covered in slimy green
                  | scales. (AC +2) [potion of mutation]
 98616 | Hell     | Gained mutation: Your flesh is heat resistant. (rF+)
                  | [potion of mutation]
 98616 | Hell     | Gained mutation: You are strong-willed. (Will+) [potion of
                  | mutation]
 98651 | Geh:1    | Entered Level 1 of Gehenna
 98653 | Geh:1    | Identified a +9 broad axe of holy wrath (a +9 broad axe of
                  | flaming blessed by the Shining One)
 98653 | Geh:1    | Received a gift from the Shining One
 98655 | Geh:1    | Cast into level 3 of the Abyss (hell knight)
 98673 | Geh:1    | Escaped the Abyss
 98894 | Geh:4    | You fall into a shaft and drop 2 floors!
 99017 | Geh:7    | Entered Level 7 of Gehenna
 99534 | Geh:7    | Found the +7 sceptre of Asmodeus
 99534 | Geh:7    | Identified the ring of Ruelox {rElec rPois rC+ MP+9 Dex-5}
 99534 | Geh:7    | Noticed Asmodeus
 99553 | Geh:7    | Killed Asmodeus
 99705 | Geh:7    | Identified the Incunabulum of Dusty Heat
 99709 | Geh:7    | Identified the +8 great sword of Freehold {venom, *Rage
                  | Str+2 Int+7 Dex+4} (You found it on level 7 of Gehenna)
 99712 | Geh:7    | Got an obsidian rune of Zot
100570 | Coc:1    | Entered Level 1 of Cocytus
101096 | Coc:5    | You are sucked into a shaft and drop 1 floor!
101115 | Coc:6    | Identified the +8 tower shield of Noon {Int+3}
101420 | Coc:7    | Entered Level 7 of Cocytus
101918 | Coc:7    | Identified the +1 robe of Classification {*Drain Regen+
                  | Int+6}
102411 | Coc:7    | Noticed Antaeus
102433 | Coc:7    | Killed Antaeus
102474 | Coc:7    | Got an icy rune of Zot
102478 | Coc:7    | Identified the Disquisition on Summoning and Clay
102877 | D:13     | Bought a crude cloak for 294 gold pieces
102878 | D:13     | Identified the +1 cloak of Darkness {MP+9 Str+3} (You
                  | bought it in a shop on level 13 of the Dungeon)
103214 | Zot:1    | Killed an ancient lich
103270 | Zot:1    | Identified Qusayph's Papyrus of the Birds and Hexes
103275 | Zot:1    | Identified the +0 pair of gloves of Dust Devil {rN+ Str+4
                  | Int+3} (You found it on level 1 of the Realm of Zot)
103499 | Tar:1    | Entered Level 1 of Tartarus
104004 | Tar:3    | Gained mutation: You have a pair of small antennae on your
                  | head. [evolution]
104859 | Tar:5    | Found a huge runed gate.
104859 | Tar:5    | Found a huge runed gate.
104859 | Tar:5    | Found a huge runed gate.
104859 | Tar:5    | Found a huge runed gate.
104859 | Tar:5    | Found a huge runed gate.
104859 | Tar:5    | Found a huge runed gate.
104892 | Tar:5    | Found a huge runed gate.
104906 | Tar:5    | Noticed an ancient lich
105800 | D:13     | Bought a potion of lignification for 57 gold pieces
105800 | D:13     | Bought a potion of lignification for 57 gold pieces
106924 | Tar:2    | You fall into a shaft and drop 2 floors!
107107 | Tar:5    | Killed an ancient lich
107978 | Tar:7    | Entered Level 7 of Tartarus
108087 | Tar:7    | Reached skill level 27 in Armour
108092 | Tar:7    | Identified the +8 short sword "Ximimorgh" {flame, Fragile
                  | Str+5} (You found it on level 7 of Tartarus)
108149 | Tar:7    | Noticed Ereshkigal
108156 | Tar:7    | Reached skill level 27 in Shields
108439 | Tar:7    | Noticed an ancient lich
108446 | Tar:7    | Killed an ancient lich
108476 | Tar:7    | Killed Ereshkigal
108531 | Tar:7    | Identified the +5 short sword "Jellyslayer" {elec, *Drain
                  | +Fly Int+9 SInv} (You found it on level 7 of Tartarus)
108608 | Tar:7    | Identified Cezear's Collected Works on the Oath
108668 | Tar:7    | Lost mutation: You are frail. (-10% HP) [evolution]
108740 | Tar:7    | Identified the +8 mace "Hell-Harrower" {distort, rPois rC+
                  | Str-5 Dex+4} (You found it on level 7 of Tartarus)
108773 | Tar:7    | Identified the +2 leather armour of Yesterday {rF- Dex+3
                  | Slay+3} (You found it on level 7 of Tartarus)
108774 | Tar:7    | Identified the Grimoire of Sinister Ice
109122 | Tar:7    | Got a brightly glowing iron ring
109123 | Tar:7    | Identified the ring "Soet" {rPois rN+ SInv Stlth+} (You
                  | found it on level 7 of Tartarus)
109153 | Tar:7    | Reached skill level 27 in Invocations
109286 | Tar:7    | Got a bone rune of Zot
110044 | D:10     | Bought a potion of ambrosia for 96 gold pieces
110044 | D:10     | Bought a potion of haste for 120 gold pieces
110185 | D:4      | Bought a scroll of blinking for 97 gold pieces
110185 | D:4      | Bought a scroll of teleportation for 39 gold pieces
110185 | D:4      | Bought a scroll of fear for 45 gold pieces
110185 | D:4      | Bought a potion of curing for 39 gold pieces
110185 | D:4      | Bought a scroll of teleportation for 39 gold pieces
110190 | D:4      | Learned a level 1 spell: Apportation
111285 | Pan      | Entered Pandemonium
111285 | Pan      | Found a runed translucent door.
111285 | Pan      | Found a runed translucent door.
111289 | Pan      | Found a runed translucent door.
111294 | Pan      | Found an ancient bone altar of Kikubaaqudgha.
111325 | Pan      | Reached skill level 1 in Air Magic
111388 | Pan      | Found a runed translucent door.
111410 | Pan      | Noticed Jykhem the pandemonium lord
111415 | Pan      | Killed Jykhem the pandemonium lord
111710 | Pan      | Gained mutation: Scrolls take you a little longer to read.
                  | [a neqoxec]
111747 | Pan      | Learned a level 2 spell: Swiftness
112002 | Pan      | Gained mutation: You are dopey. (Int -2) [a neqoxec]
112237 | Pan      | Noticed Giotipt the pandemonium lord
112243 | Pan      | Reached skill level 5 in Air Magic
112248 | Pan      | Killed Giotipt the pandemonium lord
112514 | Pan      | Found an exit through the horrors of the Abyss.
113082 | Pan      | Noticed Keojog the pandemonium lord
113092 | Pan      | Killed Keojog the pandemonium lord
113102 | Pan      | Got a demonic rune of Zot
113111 | Pan      | Lost mutation: Scrolls take you a little longer to read. [a
                  | cacodemon]
113408 | Pan      | Reached skill level 1 in Fire Magic
113410 | Pan      | Identified the cursed +0 tower shield "Ythoatus" {rPois}
113446 | Pan      | Noticed Hitoinn the pandemonium lord
113463 | Pan      | Killed Hitoinn the pandemonium lord
113564 | Pan      | Found an exit through the horrors of the Abyss.
113661 | Pan      | Reached skill level 5 in Fire Magic
113667 | Pan      | Noticed Emulosyu the pandemonium lord
113674 | Pan      | Killed Emulosyu the pandemonium lord
113794 | Pan      | Noticed Oneonn the pandemonium lord
113804 | Pan      | Killed Oneonn the pandemonium lord
113850 | Pan      | Found an exit through the horrors of the Abyss.
114107 | Pan      | Lost mutation: You are dopey. (Int -2) [evolution]
114470 | Pan      | Found an exit through the horrors of the Abyss.
114513 | Pan      | Noticed Muiny the pandemonium lord
114523 | Pan      | Killed Muiny the pandemonium lord
114559 | Pan      | Reached skill level 10 in Fire Magic
115001 | Pan      | Reached skill level 1 in Conjurations
115206 | Pan      | Noticed Pifos the pandemonium lord
115213 | Pan      | Killed Pifos the pandemonium lord
115355 | Pan      | Noticed Aruiwi the pandemonium lord
115362 | Pan      | Killed Aruiwi the pandemonium lord
115363 | Pan      | Reached skill level 5 in Spellcasting
115739 | Pan      | Found an exit through the horrors of the Abyss.
115933 | Pan      | Noticed Oruykafo the pandemonium lord
115942 | Pan      | Killed Oruykafo the pandemonium lord
116000 | Pan      | Gained mutation: You occasionally shout uncontrollably at
                  | your foes. [a neqoxec]
116047 | Pan      | Gained mutation: You are frail. (-10% HP) [a neqoxec]
116290 | Pan      | Reached skill level 5 in Conjurations
116380 | Pan      | Gained mutation: Your magical capacity is very low. (-20%
                  | MP) [a neqoxec]
116389 | Pan      | Found an exit through the horrors of the Abyss.
116506 | Pan      | Lost mutation: You occasionally shout uncontrollably at
                  | your foes. [evolution]
116613 | Pan      | Gained mutation: Your body sometimes deteriorates upon
                  | taking damage. [a cacodemon]
116805 | Pan      | Found a huge runed translucent gate.
116806 | Pan      | Found a huge runed translucent gate.
116806 | Pan      | Found a huge runed translucent gate.
116808 | Pan      | Found a huge runed translucent gate.
116808 | Pan      | Found a huge runed translucent gate.
116808 | Pan      | Found a huge runed translucent gate.
116808 | Pan      | Found a huge runed translucent gate.
116808 | Pan      | Found a huge runed translucent gate.
116809 | Pan      | Found a huge runed translucent gate.
116809 | Pan      | Found a huge runed translucent gate.
116809 | Pan      | Found a huge runed translucent gate.
116809 | Pan      | Found a huge runed translucent gate.
116809 | Pan      | Found a huge runed translucent gate.
116810 | Pan      | Found a huge runed translucent gate.
116810 | Pan      | Found a huge runed translucent gate.
116810 | Pan      | Noticed Aduwneb the pandemonium lord
116812 | Pan      | Found a huge runed translucent gate.
116812 | Pan      | Found a huge runed translucent gate.
116822 | Pan      | Killed Aduwneb the pandemonium lord
117487 | Pan      | Entered the realm of Cerebov.
117489 | Pan      | Found the +6 sword of Cerebov {flame}
117489 | Pan      | Noticed Cerebov
117506 | Pan      | Got a fiery rune of Zot
117526 | Pan      | Killed Cerebov
118278 | Pan      | Identified the +9 battleaxe "Akouvex" {drain, rF+ rC+} (You
                  | found it in Pandemonium)
118320 | Pan      | Got a sparkling zirconium amulet
118321 | Pan      | Identified the amulet "Edahitsa" {Reflect rN+ Str-5 SH+5
                  | Stlth+} (You found it in Pandemonium)
118534 | Pan      | Got a shimmering wooden ring
118549 | Pan      | Identified the ring "Qiliadof" {Wiz rElec} (You found it in
                  | Pandemonium)
118553 | Pan      | Identified the +2 robe of Raosole {Regen+ Int-5 Dex+3} (You
                  | found it in Pandemonium)
118996 | Pan      | Found a runed translucent door.
119217 | Pan      | Noticed Pifem the pandemonium lord
119251 | Pan      | Killed Pifem the pandemonium lord
119510 | Pan      | Entered the realm of Lom Lobon.
119864 | Pan      | Noticed Lom Lobon
119897 | Pan      | Killed Lom Lobon
119898 | Pan      | Reached skill level 10 in Conjurations
119958 | Pan      | Got a magical rune of Zot
120497 | Pan      | Noticed Wennish the pandemonium lord
120501 | Pan      | Killed Wennish the pandemonium lord
120812 | Pan      | Gained mutation: You are partially covered in large bone
                  | plates. (SH +4) [evolution]
121438 | Pan      | Noticed Asuobul the pandemonium lord
121455 | Pan      | Killed Asuobul the pandemonium lord
121776 | Pan      | Found an exit through the horrors of the Abyss.
122330 | Pan      | Found an exit through the horrors of the Abyss.
122645 | Pan      | Noticed Fyxexuuc the pandemonium lord
122658 | Pan      | Killed Fyxexuuc the pandemonium lord
123290 | Pan      | Entered the realm of Mnoleg.
123292 | Pan      | Gained mutation: You are weak. (Str -2) [a neqoxec]
123297 | Pan      | Gained mutation: Your magical capacity is extremely low.
                  | (-30% MP) [a cacodemon]
123320 | Pan      | Gained mutation: You are very frail. (-20% HP) [a
                  | cacodemon]
123321 | Pan      | Gained mutation: Your body often deteriorates upon taking
                  | damage. [a neqoxec]
123321 | Pan      | Gained mutation: You do not regenerate when monsters are
                  | visible. [a neqoxec]
123326 | Pan      | Gained mutation: You are very weak. (Str -4) [a neqoxec]
123356 | Pan      | Noticed Mnoleg
123371 | Pan      | Killed Mnoleg
123392 | Pan      | Got a glowing rune of Zot
123405 | Pan      | Gained mutation: You have an uncontrollable temper. [a
                  | cacodemon]
123444 | Pan      | Identified the Compendium of the Rocks and Malediction
123470 | Pan      | Gained mutation: Potions are less effective at restoring
                  | your health. [a cacodemon]
123537 | Pan      | Gained mutation: You occasionally shout uncontrollably at
                  | your foes. [a neqoxec]
123550 | Pan      | Gained mutation: You sometimes yell uncontrollably at your
                  | foes. [a shining eye]
123551 | Pan      | Gained mutation: You are extremely frail. (-30% HP) [a
                  | shining eye]
123555 | Pan      | Gained mutation: Armour fits poorly on your strangely
                  | shaped body. [a shining eye]
123557 | Pan      | Gained mutation: Your spells are a little easier to cast,
                  | but a little less powerful. [a shining eye]
123577 | Pan      | Gained mutation: Your spells are easier to cast, but less
                  | powerful. [a cacodemon]
123579 | Pan      | Found an exit through the horrors of the Abyss.
123593 | Pan      | Noticed Mennas
123607 | Pan      | Killed Mennas
123624 | Pan      | Noticed Xuhap the pandemonium lord
123631 | Pan      | Killed Xuhap the pandemonium lord
123632 | Pan      | Reached skill level 10 in Spellcasting
124310 | Pan      | Gained mutation: Scrolls take you a little longer to read.
                  | [a neqoxec]
124391 | Pan      | Lost mutation: You have an uncontrollable temper. [potion
                  | of mutation]
124391 | Pan      | Lost mutation: You are clumsy. (Dex -2) [potion of
                  | mutation]
124391 | Pan      | Lost mutation: You are very weak. (Str -4) [potion of
                  | mutation]
124391 | Pan      | Gained mutation: You are highly strong-willed. (Will++)
                  | [potion of mutation]
124392 | Pan      | Lost mutation: You evolve. [potion of mutation]
124392 | Pan      | Lost mutation: Your magical capacity is extremely low.
                  | (-30% MP) [potion of mutation]
124392 | Pan      | Lost mutation: You sometimes yell uncontrollably at your
                  | foes. [potion of mutation]
124392 | Pan      | Lost mutation: You have a pair of small antennae on your
                  | head. [potion of mutation]
124392 | Pan      | Lost mutation: Your magical capacity is very low. (-20% MP)
                  | [potion of mutation]
124392 | Pan      | Gained mutation: You have very sharp teeth. [potion of
                  | mutation]
124393 | Pan      | Lost mutation: Scrolls take you a little longer to read.
                  | [potion of mutation]
124393 | Pan      | Lost mutation: You are extremely frail. (-30% HP) [potion
                  | of mutation]
124393 | Pan      | Lost mutation: Armour fits poorly on your strangely shaped
                  | body. [potion of mutation]
124393 | Pan      | Lost mutation: You are partially covered in slimy green
                  | scales. (AC +2) [potion of mutation]
124393 | Pan      | Lost mutation: Your flesh is heat resistant. (rF+) [potion
                  | of mutation]
124393 | Pan      | Lost mutation: Your magical capacity is low. (-10% MP)
                  | [potion of mutation]
124394 | Pan      | Lost mutation: You are very frail. (-20% HP) [potion of
                  | mutation]
124394 | Pan      | Lost mutation: You are weak. (Str -2) [potion of mutation]
124394 | Pan      | Gained mutation: You expend magic power (3 MP) to
                  | strengthen your wands. [potion of mutation]
124429 | Pan      | Entered the realm of Gloorx Vloq.
124541 | Pan      | Lost mutation: You are highly strong-willed. (Will++)
                  | [potion of mutation]
124541 | Pan      | Lost mutation: You are strong-willed. (Will+) [potion of
                  | mutation]
124541 | Pan      | Lost mutation: Potions are less effective at restoring your
                  | health. [potion of mutation]
124541 | Pan      | Lost mutation: You expend magic power (3 MP) to strengthen
                  | your wands. [potion of mutation]
124541 | Pan      | Lost mutation: You have large cloven feet. [potion of
                  | mutation]
124541 | Pan      | Gained mutation: You evolve. [potion of mutation]
124652 | Pan      | Found an exit through the horrors of the Abyss.
124838 | Pan      | Noticed Gloorx Vloq
124845 | Pan      | Killed Gloorx Vloq
124846 | Pan      | Reached skill level 15 in Conjurations
125046 | Pan      | Got a dark rune of Zot
125293 | Pan      | Took an exit into the Abyss.
125293 | Abyss:1  | Escaped into the Abyss
125300 | Abyss:1  | Paralysed by accursed screaming for 1 turns
125315 | Abyss:1  | Identified the +0 tower shield "Plog" {rPois rF- Dex+8}
125347 | Abyss:1  | Paralysed by accursed screaming for 2 turns
125355 | Depths:3 | Escaped the Abyss
125672 | Zig:1    | Entered Level 1 of a ziggurat
125699 | Zig:2    | Entered Level 2 of a ziggurat
125724 | Zig:3    | Entered Level 3 of a ziggurat
125761 | Zig:4    | Entered Level 4 of a ziggurat
125764 | Zig:4    | Noticed Ojes the pandemonium lord
125770 | Zig:4    | Killed Ojes the pandemonium lord
125814 | Zig:5    | Entered Level 5 of a ziggurat
125860 | Zig:5    | Identified the +5 short sword of Puabec {flame, Stlth+}
                  | (You found it on level 5 of a ziggurat)
125865 | Zig:5    | Acquired a manual of Stealth
125874 | Zig:6    | Entered Level 6 of a ziggurat
125881 | Zig:6    | Noticed an orb of fire
125889 | Zig:6    | Gained mutation: Armour fits poorly on your strangely
                  | shaped body. [an orb of fire]
125893 | Zig:6    | Killed an orb of fire
125959 | Zig:7    | Entered Level 7 of a ziggurat
125981 | Zig:7    | Gained mutation: You are weak. (Str -2) [a neqoxec]
126117 | Zig:8    | Entered Level 8 of a ziggurat
126124 | Zig:8    | Found the +9 staff of Olgreb {rPois∞}
126372 | Zig:9    | Entered Level 9 of a ziggurat
126381 | Zig:9    | Noticed Saiv the pandemonium lord
126404 | Zig:9    | Killed Saiv the pandemonium lord
126435 | Zig:10   | Entered Level 10 of a ziggurat
126446 | Zig:10   | Found the amulet of Vitality {Regen+ HP+15}
126448 | Zig:10   | Paralysed by accursed screaming for 2 turns
126464 | Zig:10   | Paralysed by accursed screaming for 2 turns
126625 | Zig:11   | Entered Level 11 of a ziggurat
126730 | Zig:11   | Acquired a manual of Translocations
126839 | Zig:12   | Entered Level 12 of a ziggurat
126848 | Zig:12   | Noticed a juggernaut
126851 | Zig:12   | Found the +6 arbalest "Damnation" {damnation}
126862 | Zig:12   | Killed a juggernaut
127050 | Zig:12   | Lost mutation: Your body often deteriorates upon taking
                  | damage. [evolution]
127086 | Depths:3 | Lost mutation: You are weak. (Str -2) [potion of mutation]
127086 | Depths:3 | Lost mutation: Armour fits poorly on your strangely shaped
                  | body. [potion of mutation]
127086 | Depths:3 | Lost mutation: You often lose your temper in combat.
                  | [potion of mutation]
127086 | Depths:3 | Gained mutation: Your flesh is cold resistant. (rC+)
                  | [potion of mutation]
127087 | Depths:3 | Lost mutation: You are frail. (-10% HP) [potion of
                  | mutation]
127087 | Depths:3 | Lost mutation: You occasionally shout uncontrollably at
                  | your foes. [potion of mutation]
127087 | Depths:3 | Lost mutation: You do not regenerate when monsters are
                  | visible. [potion of mutation]
127087 | Depths:3 | Gained mutation: You expend magic power (3 MP) to
                  | strengthen your wands. [potion of mutation]
127428 | D:11     | Bought a potion of might for 64 gold pieces
127428 | D:11     | Bought a potion of heal wounds for 80 gold pieces
127640 | Dis:1    | Entered Level 1 of the Iron City of Dis
127680 | Dis:1    | Reached skill level 27 in Dodging
127719 | Dis:1    | Reached skill level 1 in Earth Magic
127856 | Dis:1    | Reached skill level 1 in Transmutations
128909 | Dis:2    | Reached skill level 5 in Earth Magic
129631 | Dis:3    | Reached skill level 1 in Hexes
129941 | Dis:5    | Reached skill level 5 in Hexes
131130 | Dis:5    | Reached skill level 10 in Air Magic
132020 | Dis:7    | Entered Level 7 of the Iron City of Dis
132268 | Dis:7    | Reached skill level 10 in Hexes
132351 | Dis:7    | Identified the +10 tower shield of Dishonour {rC+ Str+3
                  | Slay+2}
132546 | Dis:7    | Found the +4 staff of Dispater
132546 | Dis:7    | Noticed Dispater
132565 | Dis:7    | Killed Dispater
132639 | Dis:7    | Got an iron rune of Zot
132640 | Dis:7    | Identified the Guide on Execration
132646 | Dis:7    | Identified the +3 morningstar "Uwuco" {venom, MP+9} (You
                  | found it on level 7 of the Iron City of Dis)
132945 | Dis:7    | Got a twitching steel ring
132946 | Dis:7    | Identified the ring of Bugiepn {*Tele rC+ Stlth+} (You
                  | found it on level 7 of the Iron City of Dis)
133036 | Dis:7    | Learned a level 5 spell: Silence
133119 | Dis:7    | Identified the +6 chain mail "Xitit" {rN+ Str+6 Dex+4} (You
                  | found it on level 7 of the Iron City of Dis)
133121 | Dis:7    | Got a transparent pewter ring
133122 | Dis:7    | Identified the ring "Dyneki" {+Inv rElec rF+ Stlth+} (You
                  | found it on level 7 of the Iron City of Dis)
134207 | Tomb:2   | Noticed a royal mummy
134217 | Tomb:1   | Killed a royal mummy
134463 | Tomb:2   | Noticed a royal mummy
134465 | Tomb:2   | Noticed a royal mummy
134478 | Tomb:2   | Was placed under penance by the Shining One
134490 | Tomb:2   | Killed a royal mummy
135051 | Depths:1 | Voluntarily entered the Abyss.
135077 | Abyss:1  | Gained mutation: You are clumsy. (Dex -2) [a cacodemon]
135096 | Abyss:2  | Found a corrupted altar of Lugonu.
135175 | Abyss:2  | Gained mutation: Your body often deteriorates upon taking
                  | damage. [a neqoxec]
135179 | Abyss:2  | Gained mutation: Scrolls take you a little longer to read.
                  | [a neqoxec]
135320 | Depths:1 | Escaped the Abyss
135336 | Depths:1 | Voluntarily entered the Abyss.
135373 | Abyss:1  | Paralysed by accursed screaming for 2 turns
135395 | Depths:1 | Escaped the Abyss
135720 | Depths:1 | Voluntarily entered the Abyss.
135838 | Abyss:1  | Found a corrupted altar of Lugonu.
135902 | Abyss:1  | Found a bloodstained altar of Trog.
136353 | Depths:1 | Escaped the Abyss
136608 | D:6      | Fell from the grace of the Shining One
136608 | D:6      | Became a worshipper of Gozag Ym Sagoz the Greedy
137607 | Tomb:2   | Noticed a royal mummy
137617 | Tomb:2   | Killed a royal mummy
137625 | Tomb:2   | Killed a royal mummy
138236 | Tomb:1   | Noticed a royal mummy
138251 | Tomb:1   | Noticed a royal mummy
138265 | Tomb:1   | Noticed a royal mummy
138269 | Tomb:1   | Noticed a royal mummy
138273 | Tomb:1   | Killed a royal mummy
138319 | Tomb:1   | Noticed a royal mummy
138430 | Tomb:1   | Noticed a royal mummy
138440 | Tomb:1   | Noticed a royal mummy
138445 | Tomb:1   | Noticed a royal mummy
138448 | Tomb:1   | Noticed a royal mummy
138454 | Tomb:1   | Noticed a royal mummy
138460 | Tomb:1   | Noticed a royal mummy
138473 | Tomb:1   | Noticed a royal mummy
138476 | Tomb:1   | Noticed a royal mummy
138488 | Tomb:1   | Noticed a royal mummy
138496 | Tomb:1   | Noticed a royal mummy
138506 | Tomb:1   | Noticed a royal mummy
138509 | Tomb:1   | Killed a royal mummy
138514 | Tomb:1   | Killed a royal mummy
138579 | Tomb:1   | Noticed a royal mummy
138596 | Tomb:1   | Noticed a royal mummy
138601 | Tomb:1   | Killed a royal mummy
138611 | Tomb:1   | Noticed a royal mummy
138616 | Tomb:1   | Killed a royal mummy
138714 | Tomb:3   | Entered Level 3 of the Tomb of the Ancients
138735 | Tomb:3   | Noticed a royal mummy
138736 | Tomb:3   | Paralysed by a Zot trap for 2 turns
138737 | Tomb:3   | Noticed a royal mummy
138761 | Tomb:3   | Killed a royal mummy
138763 | Tomb:3   | Noticed a royal mummy
138764 | Tomb:3   | Noticed a royal mummy
138764 | Tomb:3   | Noticed a royal mummy
138779 | Tomb:3   | Gained mutation: Scrolls take you longer to read.
                  | [mutagenic glow]
138824 | Tomb:3   | Found the +15 Maxwell's patent armour {-Cast -Tele rElec
                  | Will+ rCorr}
138826 | Tomb:3   | Found the +10 dark maul {vorpal}
138837 | Tomb:3   | Identified Laarhukh's Grimoire of Evil Stones
138877 | Tomb:3   | Noticed a royal mummy
138888 | Tomb:3   | Killed a royal mummy
138917 | Tomb:3   | Noticed a royal mummy
138925 | Tomb:3   | Noticed a royal mummy
138926 | Tomb:3   | Killed a royal mummy
138927 | Tomb:3   | Reached skill level 15 in Hexes
138930 | Tomb:3   | Killed a royal mummy
138982 | Tomb:3   | Noticed a royal mummy
138994 | Tomb:3   | Killed a royal mummy
139313 | Tomb:3   | Lost mutation: Your body often deteriorates upon taking
                  | damage. [potion of mutation]
139313 | Tomb:3   | Lost mutation: You are clumsy. (Dex -2) [potion of
                  | mutation]
139313 | Tomb:3   | Lost mutation: Your spells are easier to cast, but less
                  | powerful. [potion of mutation]
139313 | Tomb:3   | Gained mutation: You are surrounded by a mild repulsion
                  | field. (EV +2) [potion of mutation]
139358 | Tomb:3   | Got a golden rune of Zot
139522 | Tomb:3   | Identified the cursed +1 falchion of the First Planets
                  | {protect, rF+ Stlth+} (You found it on level 3 of the Tomb
                  | of the Ancients)
139649 | Tomb:3   | Identified Sif Muna's Handbook of the Nocuous Volcanoes
140093 | D:14     | Bought a scroll of blinking for 82 gold pieces
140493 | Zot:5    | Got the Orb of Zot
140583 | Zot:2    | Reached skill level 15 in Air Magic
141108 | D:$      | Escaped with the Orb!

Illustrated notes

Levels and vault maps discovered:
D:1:      doesnt_arrival_eight_statues, layout_rooms, minmay_misc_feat_ornament,
          st_stairs_12, minmay_misc_feat_square
D:2:      layout_basic, lemuel_round_altar, overflow_temple_1_default,
          yredelemnul_altar_generic
D:3:      layout_basic, cheibriados_altar_1, st_stairs_2, minmay_hedge_maze
D:4:      minmay_chambers_of_twos, layout_rooms, minmay_temple_entry_statues,
          serial_shops, shop
D:5:      layout_loops_cross, marbit_many_paths, serial_glass, glass_columns_b,
          glass_columns_b, basic_altar, st_stairs_8,
          nicolae_ru_the_path_less_chosen, uniq_crazy_yiuf_cottage
D:6:      layout_gridville, general_overflow_altar, serial_bayou,
          serial_bayou_lagoon_b, serial_bayou_pond_c, serial_bayou_pond_d,
          serial_bayou_shore_b, serial_bayou_lake_a, uniq_grinder, uniq_maggie
D:7:      layout_loops_ring, lemuel_doored_altar, minmay_shop_damaged,
          minmay_holes, minmay_misc_feat_doors
D:8:      layout_loops_cross, special_room [special_room_orc]
D:9:      layout_basic, nicolae_overflow_hidden_temple, kb_xom_exploding_sheep
D:10:     layout_cave_pools, serial_shops, nicolae_shop_trees
D:11:     layout_layer_cave, minmay_lair_entry_grove, serial_shops, shop, shop,
          shop, nicolae_shop_crystal, shop_statue, serial_park_tiny_1,
          hangedman_pestilent_swarm
D:12:     layout_stronghold, gammafunk_ghost_cemetery, uniq_rupert,
          uniq_jorgrun, uniq_frances, uniq_sonja
D:13:     layout_cave_pools, serial_glass, glass_columns_b, glass_columns_b,
          special_room [special_room_bee], serial_shops, bzr_firewalk, shop,
          shop, nicolae_shop_window_shopping, shop
D:14:     layout_cave_pods, erik_vaults_1, evilmike_ruin_ashenzari,
          grunt_livestock, lemuel_statue_altar
D:15:     grunt_enter_depths_magical_seal, layout_loops_ring, serial_shops,
          shop_fountains, serial_park_tiny_pond, minmay_beelzebubs_servants
Temple:   eino_temple_water
Lair:1:   layout_cellular_growth, beast_lair_carwin_5, serial_bayou_shore_b,
          minmay_lair_oklob_chamber, grunt_megastairs_4
Lair:2:   layout_big_grid, elwin_shoals_entry_rocks,
          minmay_snake_entry_guardpost_small, uniq_harold, uniq_gastronok
Lair:3:   layout_small_grid, gauntlet_entry_generic,
          grunt_forest_small_clearing_treed, serial_bayou_shore_a
Lair:4:   layout_gridlike, nicolae_volcano_entry_vermiform, pond,
          infiniplex_staircase_pool_2
Lair:5:   nzn_winding_woodlands_three_and_one
          [nzn_winding_woodlands_5x15_zeroes, nzn_winding_woodlands_5x15_cabin,
          nzn_winding_woodlands_5x15_pockets,
          nzn_winding_woodlands_center_triple_pond], layout_hall_layers,
          nzn_masters_of_martial_movement, grunt_megastairs_3
Lair:6:   evil_forest, layout_big_grid, slime_altar_1, portal_ice_cave_rime
Shoals:1: layout_shoals, uniq_roxanne, uniq_kirke
Shoals:2: layout_shoals
Shoals:3: layout_shoals, nicolae_shoals_aquamancer_cove
Shoals:4: shoals_end_hangedman, layout_shoals, lemuel_altar_in_water
Snake:1:  layout_layer_cave, nicolae_snake_horde_hoard
Snake:2:  layout_chambers, serial_shops,
          nicolae_shop_temple_entry_statues_fountains, uniq_vashnia
Snake:3:  layout_basic, grunt_ministairs_5, drop_trap
Snake:4:  grunt_snake_rune_pools, layout_misc_corridors, grunt_megastairs_2,
          lemuel_fruit_tree
Slime:1:  layout_caves
Slime:2:  layout_caves
Slime:3:  layout_caves, basic_altar, nicolae_slime_barrier
Slime:4:  layout_caves, cheibrodos_slime_lost_civilization_6, uniq_dissolution
Slime:5
Orc:1:    layout_caves, nooodl_orcs_dogs, uniq_fannar, uniq_snorg
Orc:2:    grunt_orc_gardens, layout_caves, grunt_orc_garden, grunt_orc_garden,
          grunt_orc_garden, grunt_orc_garden
Elf:1:    minmay_elf_arrival_plus, layout_loops_cross, minmay_elf_sorcery,
          nicolae_elf_m_pinch
Elf:2:    layout_loops_cross, minmay_shoptagon
Elf:3:    grunt_elf_hall_asides, layout_geoelf_octagon, uniq_saint_roka
Vaults:1: v_misc_10, v_misc_3, nicolae_vaults_little_squares_1,
          vaults_dpeg_spiral, v_misc_4, v_alt_pattern_1, st_smaller_cells,
          vaults_dpeg_encased_lava, hangedman_vaults_variations,
          vaults_dpeg_hooks, nicolae_vaults_ring_of_whatevers,
          grunt_vaults_twisty, layout_vaults_omnibox, uniq_aizul, uniq_nikola
Vaults:2: gammafunk_dig_for_victory, blue_anna_dwarven_crypt,
          hangedman_vaults_capsules, v_misc_27, grunt_vaults_funnel,
          nicolae_vaults_border_crossing, ontoclasm_vaults_decontamination,
          layout_vaults_omnicross, portal_desolation_entry_salt, uniq_bai_suzhen
Vaults:3: v_pattern_3, v_misc_13, nicolae_vaults_network_quinsquares
          [nicolae_vaults_network_quincunx_subvault,
          nicolae_vaults_network_quincunx_subvault,
          nicolae_vaults_network_quincunx_subvault,
          nicolae_vaults_network_quincunx_subvault], hangedman_vaults_snaps,
          vaults_room_door_ring, layout_vaults_omnigrid
Vaults:4: nicolae_vaults_little_ls, v_pattern_1, nicolae_vaults_puzzle_piece,
          nicolae_vaults_angled_halls, nicolae_vaults_three_branches,
          vaults_room_large_hall, v_misc_22, vaults_mumra_chevron,
          vaults_room_grunt_arrival_ludios, nicolae_vaults_shelves_hall,
          vaults_room_octagon, nicolae_vaults_little_squares_5,
          layout_vaults_maze_snakey, uniq_mara
Vaults:5: serial_shops
Crypt:1:  layout_gridlike, grunt_ministairs_11, roderic_lattice_octagonal_star
Crypt:2:  grunt_deathspiral_small, layout_catacombs, grunt_ministairs_14,
          lemuel_hellish_altar
Crypt:3:  church_of_pain_bobbens, layout_chaotic_city, uniq_frederick,
          uniq_sojobo, uniq_margery
Tomb:1:   uniq_khufu
Tomb:2
Tomb:3
Depths:1: layout_roguey, abyss_entry, nicolae_two_hexagons, serial_sigils,
          serial_sigils_hangedman_confine, serial_sigils_hangedman_gnaw,
          serial_sigils_hangedman_scratch, serial_sigils_hangedman_gut,
          serial_sigils_hangedman_scar, serial_sigils_hangedman_gut, hell_entry
Depths:2: minmay_spriggan_fort, layout_cave_shapes, kennysheep_flooded_box,
          grunt_metal_band, abyss_entry_flame_altar, lemuel_freeze_loot_1,
          kennysheep_random_hallway, firewood_loft
Depths:3: minmay_the_grid_triangle_9x9_recursive_3_mashed
          [minmay_the_grid_triangle_9x9_dagger,
          minmay_the_grid_triangle_9x9_descending_squares,
          minmay_the_grid_triangle_9x9_windchime,
          minmay_the_grid_triangle_9x9_prize_insulated,
          minmay_the_grid_triangle_9x9_minimal,
          minmay_the_grid_triangle_9x9_subtriangle,
          minmay_the_grid_triangle_9x9_zippers_vertical,
          minmay_the_grid_triangle_9x9_pentomino_pain,
          minmay_the_grid_triangle_9x9_semitri], layout_gridlike,
          enter_ziggurat_c, grunt_pan_entry_in_and_out, hell_entry,
          chequers_serial_rivers_micro_b, onia_ninara_cookie, minmay_shop_grove,
          serial_bayou_shore_b
Depths:4: cheibrodos_cascadia, layout_honeycomb, serial_bayou_pond_d,
          hangedman_geh_valley, nicolae_abyss_entry_one_way_or_another,
          infiniplex_enter_wizlab_glasses
Depths:5: grunt_zot_entry_tricorne, layout_cave_pools, hell_entry, abyss_entry,
          serial_rivers, chequers_serial_rivers_small_3,
          chequers_serial_rivers_room_b, chequers_serial_rivers_micro_d,
          chequers_serial_rivers_large_b, grunt_potential, uniq_xtahua
Hell
Dis:1:    layout_subdivisions, grunt_dis_stairs_iron_hall
Dis:2:    layout_chaotic_city
Dis:3:    layout_chaotic_city
Dis:4:    layout_jigsaw
Dis:5:    layout_gridville, hangedman_player_shredder
Dis:6:    layout_gridville
Dis:7:    iron_city_of_dis [dis_mu, dis_wall_4], layout_chaotic_city,
          nicolae_dis_lava_storage_tank
Geh:1:    layout_gehenna_pools_basic, hangedman_elemental_corridor
Geh:2:    layout_gehenna_pools_box
Geh:3:    layout_gehenna_pools_basic
Geh:4:    layout_gehenna_pools_basic, hangedman_mysterious_dungeon_monster_house
Geh:6:    layout_gehenna_lava_caves
Geh:7:    geh_grunt_pentagon
Coc:1:    layout_ice_bergs
Coc:2:    layout_cocytus_water_paths
Coc:3:    layout_ice_bergs
Coc:4:    layout_ice_bergs
Coc:5:    layout_ice_bergs
Coc:6:    layout_cocytus_water_paths
Coc:7:    coc_grunt
Tar:1:    layout_honeycomb
Tar:2:    layout_honeycomb
Tar:3:    layout_catacombs
Tar:4:    layout_grid_maze
Tar:5:    layout_honeycomb, door_vault
Tar:6:    layout_grid_maze
Tar:7:    tar_grunt_cathedral
Zot:1:    gammafunk_the_bubble [the_bubble_gammafunk_crates],
          layout_misc_corridors
Zot:2:    grunt_zot_stairs_mandelzot, layout_cathedral_of_symmetry
Zot:3:    layout_basic
Zot:4:    layout_cellular_growth
Zot:5:    layout_onion, st_stairs_8, grunt_ministairs_13,
          kennysheep_underground_church

Skill      XL: |  1  2  3  4  5  6  7  8  9 10 11 12 13 14 15 16 17 18 19 20 21 22 23 24 25 26 27 |
---------------+----------------------------------------------------------------------------------+-----
Axes           | 3 4 5 6 7 9 11 13 15 16 17 18 19 20 21 22 23 24 25 26 27 | 27.0
Fighting       | 4 5 6 8 9 10 11 12 13 14 15 16 17 18 20 21 22 23 27 | 27.0
Shields        | 4 5 6 7 8 9 10 11 12 13 14 15 16 17 18 19 20 27 | 27.0
Armour         | 4 5 6 7 8 9 10 11 12 13 14 15 16 17 18 19 20 27 | 27.0
Invocations    | 3 5 7 9 10 12 13 14 15 16 17 27 | 27.0
Dodging        | 2 4 5 6 7 9 11 12 13 15 16 27 | 27.0
Evocations     | 1 3 4 6 8 10 13 25 | 25.1
Translocations | 2 4 6 7 9 |  9.0
Spellcasting   | 12 | 12.0
Air Magic      | 15 | 15.1
Fire Magic     | 14 | 14.0
Conjurations   | 17 | 17.6
Earth Magic    | 6 |  6.1
Transmutations | 4 |  4.5
Hexes          | 15 | 15.5

Action                   |  1- 3 |  4- 6 |  7- 9 | 10-12 | 13-15 | 16-18 | 19-21 | 22-24 | 25-27 || total
-------------------------+-------+-------+-------+-------+-------+-------+-------+-------+-------++-------
Melee: War axe           |    85 |   248 |    92 |       |       |       |       |       |       ||   425
       Broad axe         |       |       |   247 |   459 |   243 |   332 |  1208 |  1061 |  8947 || 12497
       Hand axe          |       |       |       |    25 |   964 |  1538 |       |       |       ||  2527
       Bite              |       |       |       |       |       |       |       |       |   323 ||   323
Throw: Boomerang         |       |       |     1 |       |       |       |       |       |       ||     1
       Dart              |       |       |       |       |       |     1 |       |       |       ||     1
       Throwing net      |       |       |       |       |       |     1 |       |       |       ||     1
 Cast: Blink             |       |       |       |       |       |       |     2 |     1 |    27 ||    30
       Silence           |       |       |       |       |       |       |       |       |     5 ||     5
       Passage of Golubr |       |       |       |       |       |       |       |       |     4 ||     4
       Swiftness         |       |       |       |       |       |       |       |       |     2 ||     2
Invok: Heroism           |       |       |     2 |     4 |     3 |     2 |     2 |     6 |     1 ||    20
       Finesse           |       |       |       |     2 |     6 |     7 |     7 |    14 |     1 ||    37
       Cleansing Flame   |       |       |       |       |       |       |       |       |   114 ||   114
       Summon Divine War |       |       |       |       |       |       |       |       |   263 ||   263
       Divine Shield     |       |       |       |       |       |       |       |       |    25 ||    25
       Bribe Branch      |       |       |       |       |       |       |       |       |     3 ||     3
       Call Merchant     |       |       |       |       |       |       |       |       |     2 ||     2
       Brand Weapon With |       |       |       |       |       |       |       |       |     1 ||     1
       Potion Petition   |       |       |       |       |       |       |       |       |     1 ||     1
 Abil: Evoke Flight      |       |       |     1 |       |     1 |       |       |       |    29 ||    31
       Stop Flying       |       |       |       |       |       |       |       |       |     3 ||     3
Evoke: Wand              |       |       |     1 |       |       |     3 |       |     4 |     6 ||    14
       Phantom mirror    |       |       |       |       |       |       |       |       |    10 ||    10
       Box of beasts     |       |       |       |       |       |       |       |       |     5 ||     5
       Lightning rod     |       |       |       |       |       |       |       |       |     2 ||     2
  Use: Scroll            |       |       |     6 |    12 |     6 |     8 |     8 |     3 |    83 ||   126
       Potion            |       |       |       |     1 |       |       |       |     3 |    62 ||    66
 Stab: Sleeping          |       |       |     1 |       |       |       |       |       |       ||     1
       Petrified         |       |       |       |       |     6 |     4 |       |       |       ||    10
       Distracted        |       |       |       |       |       |     1 |     1 |       |     3 ||     5
       Held in net/web   |       |       |       |       |       |     1 |       |       |       ||     1
Armor: Scale mail        |    71 |   118 |    33 |       |       |       |       |       |       ||   222
       Swamp dragon scal |       |       |    89 |   174 |   214 |    20 |       |       |       ||   497
       Chain mail        |       |       |       |       |       |   315 |    69 |   233 |  2109 ||  2726
       Crystal plate arm |       |       |       |       |       |    56 |   266 |       |       ||   322
Dodge: Dodged            |    36 |    53 |   106 |   148 |   244 |   343 |   222 |   276 |  2702 ||  4130
       Repelled          |       |       |       |     2 |     6 |    19 |    21 |    21 |   152 ||   221
Block: Kite shield       |    62 |   126 |   250 |   532 |   830 |  1470 |   987 |   821 |  8274 || 13352
       Reflection        |       |       |     3 |    17 |     6 |   159 |   105 |   104 |   222 ||   616
